Cogmind - Beta 15 @@@ ROGUE MODE // 2025.08.28 @ 00:09:13 Player: puppuppit Result: Heading to fleet! Performance ------------- Evolutions (9) 4500 Regions Visited (34) 6800 Robots Destroyed (1113) 5565 Value Destroyed (61747) 61747 Prototype IDs (171) 3420 Alien Tech Used (12) 2400 Bonus (66260) 66260 TOTAL SCORE: 150692 Bonus ------- Triggered High Security 1000 High Alert Combat Kills 40081 Follower Combat Kills 4938 Network Hubs Disabled 400 Registered with UFD 300 Met Optimus in HQ 500 Met Data Miner 300 Met Zhirov 300 Built Enhanced Grunts 300 A7 Reached Mainframe 300 Met R17 at Cetus 500 Used Core Reset Matrix 3000 Met R17 at Research 2000 Scanned by Researcher 500 Met Sigix 2000 Met Optimus at Protoforge 1000 Completed Drillbomb Mission10000 Win 3000 Friendly Fire -4159 Cogmind --------- Core Integrity 343/1600 Matter 45/300 Energy 1392/1400 System Corruption 24% Temperature Cool (0) Movement Hovering (38) Location To Fleet Rendezvous Parts ------- > --- POWER (3) -------- Hybrid Graviton Reactor > --- PROPULSION (8) --- Combat Linear Gravjet Gravjet Array Gravjet Array Concept Combat Aerolev Unit > --- UTILITY (10) ----- Concept Antigrav Storage Unit Advanced Targeting Computer Concept Hypertargeting System Centrium Light Armor Plating Concept RG22 Armor Graphene Brace Advanced Focal Shield Advanced Point Defense System > --- WEAPON (4) ------- (None) > --- INVENTORY (25) --- Improved Quantum Reactor Concept Zero-point Core Improved Antigrav System Experimental Antigrav System Experimental Antigrav System Concept Combat Aerolev Unit Power Amplifier Concept NT7 Matterbank (362) Concept Weapon Articulator Concept Recoil Nullifier Concept Recoil Nullifier Experimental Kinecellerator Experimental Thermal Shield Concept Matter Streamer Plasma Lance Peak State ------------ > --- POWER ------------ Concept Zero-point Core Concept Zero-point Core > --- PROPULSION ------- Cooled Linear Gravjet Cooled Linear Gravjet Cooled Linear Gravjet Experimental Antigrav System Experimental Antigrav System Gravjet Array Concept Combat Aerolev Unit > --- UTILITY ---------- Concept Antigrav Storage Unit Experimental Optical Array Experimental Armor Integrity Analyzer Concept Reaction Jets Concept RG22 Armor Graphene Brace AEGIS Remote Shield Concept Navigation Harness > --- WEAPON ----------- Concept XC Strikerail Concept XC Strikerail Sigix Broadsword > --- INVENTORY -------- Concept Zero-point Core Experimental Antigrav System Gravjet Array Gravjet Array Concept Combat Aerolev Unit Concept Combat Aerolev Unit Concept Combat Aerolev Unit Concept NT7 Matterbank Concept Hypertargeting System Concept Weapon Articulator Concept Weapon Articulator Concept Recoil Nullifier Concept RG22 Armor Experimental System Purifier Concept Matter Streamer Concept Matter Streamer High-powered Transdimensional Reconstructor Core Reset Matrix Concept XC Strikerail Graviton Cannon Concept Helical Railcannon Concept Helical Railcannon Concept Rapid Grenade Launcher [Rating: 287] Favorites ----------- Power Concept Zero-point Core Engine Cooled Ion Engine Power Core Concept Zero-point Core Reactor Improved Quantum Reactor Propulsion Cooled Linear Gravjet Treads Light Treads Wheel Wheel Hover Unit Cooled Linear Gravjet Utility Large Storage Unit Device Advanced Cooling System Storage Large Storage Unit Processor Experimental Core Analyzer Hackware Hacking Suite Protection Concept RG22 Armor Artifact Phase Redirector Weapon Improved Light Cannon Energy Gun Advanced Variable Charge Gun Energy Cannon Improved Potential Cannon Ballistic Gun Heavy Machine Gun Ballistic Cannon Improved Light Cannon Launcher Precision Grenade Launcher Special Weapon Improved Plasma Cutter Impact Weapon Heavy Flail Slashing Weapon Sigix Broadsword Piercing Weapon Plasma Lance Build | -11 -10 -10 -9 -9 -9 -9 -6 -6 -6 -6 -6 -6 -5 -5 -5 -5 -5 -5 -5 -5 -4 -4 -4 -4 -4 -4 -3 -3 -3 -2 -2 -2 -1 -1 ------- Run | Yrd Mat Min Mat Sto Rec Scr Fac Was Fac Low Low Dat Pro Fac Was Fac Ext Cet Arc Hub Fac Was Fac Upp Upp Zhi Pro Res Qua Res Tes Frg Acc Com Slots Evolved 18 | . . . 2 . . . 6 . . . . . . 2 . . . . . . 2 . . . . . . 2 . 2 . . 2 . Power 2 | . . . . . . . . . . . . . . . . . . . . . 1 . . . . . . . . . . . 1 . Propulsion 6 | . . . . . . . 4 . . . . . . . . . . . . . 1 . . . . . . 1 . . . . . . Utility 8 | . . . . . . . 2 . . . . . . 2 . . . . . . . . . . . . . 1 . 2 . . 1 . Weapon 2 | . . . 2 . . . . . . . . . . . . . . . . . . . . . . . . . . . . . . . Parts Attached 619 | 8 9 8 22 11 . 6 42 5 11 6 3 . . 55 11 10 9 4 3 15 34 2 52 6 . 3 . 32 9 9 21 168 8 37 Power 73 | 2 1 . 5 1 . 1 6 . 1 . . . . 4 2 . 1 1 1 . 8 . 9 . . 1 . 5 . . 3 21 . . Engine 17 | 2 1 . 4 1 . . 4 . . . . . . 3 . . . 1 1 . . . . . . . . . . . . . . . Core 12 | . . . 1 . . . 1 . . . . . . 1 . . . . . . 1 . 3 . . . . . . . . 5 . . Reactor 44 | . . . . . . 1 1 . 1 . . . . . 2 . 1 . . . 7 . 6 . . 1 . 5 . . 3 16 . . Propulsion 143 | 2 1 2 7 2 . 2 14 . 3 1 . . . 14 3 4 2 . . 9 15 1 14 . . . . 10 . 4 5 18 3 7 Treads 13 | 2 1 . 6 1 . 2 1 . . . . . . . . . . . . . . . . . . . . . . . . . . . Leg . | . . . . . . . . . . . . . . . . . . . . . . . . . . . . . . . . . . . Wheel 9 | . . 2 1 . . . 3 . . . . . . 3 . . . . . . . . . . . . . . . . . . . . Hover 121 | . . . . 1 . . 10 . 3 1 . . . 11 3 4 2 . . 9 15 1 14 . . . . 10 . 4 5 18 3 7 Flight . | . . . . . . . . . . . . . . . . . . . . . . . . . . . . . . . . . . . Utility 224 | 2 4 . 7 4 . 1 11 . 1 4 2 . . 16 3 5 6 2 1 5 6 . 16 2 . 2 . 8 5 . 6 81 3 21 Device 106 | 1 . . . . . . 8 . . 4 1 . . 8 1 2 3 1 1 . 2 . 9 . . 1 . 5 1 . 1 45 2 10 Storage 15 | 1 2 . 2 . . 1 1 . . . . . . 2 . . . . . . 1 . 1 . . 1 . . . . 2 1 . . Processor 57 | . . . 2 2 . . . . . . 1 . . 3 . 1 . . . . 1 . 5 2 . . . 2 . . 2 28 1 7 Hackware 24 | . . . . 1 . . 2 . 1 . . . . 3 . 2 1 . . 4 1 . 1 . . . . 1 2 . . 3 . 2 Protection 20 | . 2 . 3 1 . . . . . . . . . . 2 . 2 1 . 1 1 . . . . . . . . . 1 4 . 2 Artifact 2 | . . . . . . . . . . . . . . . . . . . . . . . . . . . . . 2 . . . . . Weapon 179 | 2 3 6 3 4 . 2 11 5 6 1 1 . . 21 3 1 . 1 1 1 5 1 13 4 . . . 9 4 5 7 48 2 9 Energy Gun 1 | . . . . . . . . . . . . . . . . . . 1 . . . . . . . . . . . . . . . . Energy Cannon 7 | . . . . . . . 1 . . . . . . . . . . . . . . . 1 . . . . . . 1 4 . . . Ballistic Gun 70 | 2 1 1 1 . . . 6 5 6 1 1 . . 12 2 . . . . . 1 . 4 3 . . . . . 1 1 22 . . Ballistic Cannon 83 | . 2 4 2 4 . 2 2 . . . . . . 6 1 1 . . . 1 3 . 8 . . . . 9 3 1 1 23 2 8 Launcher 7 | . . 1 . . . . 1 . . . . . . . . . . . . . . 1 . . . . . . . 1 1 2 . . Special Weapon 3 | . . . . . . . . . . . . . . 1 . . . . 1 . 1 . . . . . . . . . . . . . Impact Weapon 2 | . . . . . . . . . . . . . . 1 . . . . . . . . . . . . . . 1 . . . . . Slashing Weapon 5 | . . . . . . . 1 . . . . . . 1 . . . . . . . . . 1 . . . . . 1 . 1 . . Piercing Weapon 1 | . . . . . . . . . . . . . . . . . . . . . . . . . . . . . . . . . . 1 Special Melee Weapon . | . . . . . . . . . . . . . . . . . . . . . . . . . . . . . . . . . . . Unidentified Prototypes 87 | . . . . 3 . 1 7 1 . . . . . 3 . . . 3 . . 2 . . . . 3 . 4 5 2 10 38 1 4 Corrupted Parts 2 | . . . . . . . . . . . . . . . . . . . . . . . . 2 . . . . . . . . . . System Corruption 22 | . . . . . . . . . . . . . . . . . . . . . . . . 22 . . . . . . . . . . Parts Lost 146 | . 2 7 1 . . . 7 . 4 3 . . 1 20 . 4 3 3 . 2 11 . 17 . 1 . . . 1 10 . 14 . 35 Power 6 | . . 1 . . . . . . . . . . . 1 . . . . . . 1 . 2 . . . . . . . . . . 1 Propulsion 60 | . 1 2 . . . . 2 . 2 1 . . . 10 . 3 1 2 . 1 7 . 8 . 1 . . . . 4 . 6 . 9 Utility 34 | . 1 1 . . . . 1 . 1 2 . . . 4 . 1 1 1 . . 2 . 2 . . . . . . 2 . 5 . 10 Weapon 46 | . . 3 1 . . . 4 . 1 . . . 1 5 . . 1 . . 1 1 . 5 . . . . . 1 4 . 3 . 15 Highest Loss Streak 22 | . 1 7 1 . . . 2 . 1 2 . . 1 6 . 1 2 2 . 1 3 . 7 . 1 . . . 1 5 . 2 . 22 To Critical Strikes 1 | . . . . . . . . . . . . . . 1 . . . . . . . . . . . . . . . . . . . . Average Backups 14 | 1 11 12 14 14 15 13 13 14 13 13 14 14 13 9 14 14 13 13 14 14 13 14 13 14 14 13 15 13 13 12 12 18 18 19 Power 1 | . 1 1 . . 1 . 1 2 1 1 1 1 1 . 1 1 1 1 1 1 1 . . 1 1 1 1 1 . . 1 1 1 1 Propulsion 3 | . . . 3 2 2 1 3 4 2 1 1 1 1 1 2 3 4 3 3 5 4 5 3 3 2 3 5 2 1 3 . 4 6 7 Utility 4 | . 3 3 4 4 5 6 6 4 4 4 5 5 5 3 3 4 4 4 5 4 3 4 4 5 5 5 5 4 4 1 4 5 7 7 Weapon 4 | . 6 7 6 7 7 4 2 4 5 6 7 7 6 3 7 4 3 3 3 2 3 4 5 5 5 2 3 3 3 2 2 5 4 3 Tool/Special . | . . . . . . . . . . . . . . . . . . . . . . . . . . . . . . . . . . . Unused Backups 113 | . 3 . 6 5 . 11 22 1 2 3 1 . 1 4 3 6 1 1 3 2 5 . 6 . . 1 . 3 1 2 3 11 2 4 Power 17 | . . . 1 . . 1 8 . 1 . . . 1 . 1 . . . . . 1 . 1 . . . . . . 1 1 . . . Propulsion 17 | . . . 1 . . 3 1 . . . . . . . . 1 . . 2 2 1 . 1 . . . . 1 . . . 2 1 1 Utility 46 | . 2 . 3 1 . 4 10 . 1 1 . . . 1 . 2 . . 1 . 3 . 4 . . 1 . 1 . 1 2 5 1 2 Weapon 33 | . 1 . 1 4 . 3 3 1 . 2 1 . . 3 2 3 1 1 . . . . . . . . . 1 1 . . 4 . 1 Tool/Special . | . . . . . . . . . . . . . . . . . . . . . . . . . . . . . . . . . . . Average Slot Usage (%) 92 | . 99 59 99 99 99 99 91 86 85 85 86 86 85 78 94 93 93 93 94 93 94 94 95 99 94 77 94 94 89 84 82 92 86 84 Engine 2 | . 14 5 10 11 11 3 2 . . . . . . . . . . . . . . . . . . . . . . . . . . . Core 1 | . . . . . . . 1 . . . . . . 1 1 . . . . . 2 . 1 3 . 2 5 . . . . 3 8 5 Reactor 4 | . . . . . . 7 1 6 6 6 6 6 6 2 3 5 5 5 5 5 7 10 7 6 10 7 5 8 9 7 7 4 3 3 Treads 6 | . 27 8 20 21 21 22 5 . . . . . . . . . . . . . . . . . . . . . . . . . . . Hover 20 | . . . . . . . 21 26 25 25 26 26 26 20 29 28 28 28 29 29 31 35 34 36 36 36 36 33 28 25 27 28 24 23 Device 8 | . . . . . . . 4 . . 12 13 13 13 9 8 5 7 6 6 2 6 10 10 19 15 11 15 16 9 18 6 16 25 22 Storage 6 | . 14 14 11 11 11 11 6 6 6 6 6 6 6 3 5 5 5 5 5 5 5 5 5 5 5 5 5 4 4 4 8 4 4 4 Processor 5 | . . . 1 8 . . . . . . 3 6 6 11 17 14 5 5 5 . . . 1 6 10 10 10 6 9 8 12 14 8 7 Hackware 6 | . . . . 1 11 11 14 20 20 6 2 . . 4 . 5 9 5 5 24 17 15 13 . . . . 3 8 4 4 . . . Protection 2 | . 13 2 8 . . . . . . . . . . . 1 1 3 9 9 . 1 . . . . . . . . . 2 1 1 4 Ballistic Gun 6 | . 9 5 4 . . . 8 24 25 25 25 26 25 11 . . . . . . 1 . 4 20 11 . 5 . . . 1 8 . . Ballistic Cannon 17 | . 18 17 39 43 44 43 16 . . . . . . 4 21 23 22 22 19 22 18 14 12 . . 1 5 18 18 10 2 6 8 11 Peak Build Rating 287 | 9 10 10 17 26 20 29 72 75 75 77 78 75 75 95 95 100 100 110 104 105 125 125 129 120 118 124 124 153 169 186 214 287 287 287 Average Rating 109 | 7 9 5 13 18 19 24 55 70 70 74 75 75 74 73 89 94 98 101 101 96 116 123 119 116 117 96 124 144 153 169 182 243 280 252 On Entrance 95 | . 9 10 6 16 20 20 26 69 75 72 77 75 75 75 86 89 99 100 104 103 104 125 123 117 118 118 124 124 150 157 114 214 249 286 Naked Turns . | . . . . . . . . . . . . . . . . . . . . . . . . . . . . . . . . . . . Heaviest Build 125 | 14 34 34 44 46 43 44 52 51 52 55 55 55 55 57 65 69 73 73 70 70 86 81 90 79 79 79 77 108 107 110 104 125 124 120 Greatest Support 147 | 40 40 40 43 43 43 46 69 62 62 62 62 62 62 62 72 69 74 74 70 70 87 86 90 86 79 79 79 111 116 122 115 147 124 127 Greatest Overweight (x) 8 | . . 8 1 1 . 1 4 . . . . . . 1 1 1 1 . . 1 1 . 1 . . . . . . 1 . 1 . 1 Average Overweight (x) . | . . 2 . . . . . . . . . . . . . . . . . . . . . . . . . . . . . . . . Largest Inventory Capacity 25 | 8 15 15 15 15 15 15 15 15 15 15 15 15 15 15 15 15 15 15 15 15 15 15 15 15 15 15 15 15 15 15 15 25 25 25 Average Capacity 16 | 7 13 15 15 15 15 15 15 15 15 15 15 15 15 11 15 15 15 15 15 15 15 15 15 15 15 15 15 15 15 15 15 20 25 25 Most Carried 25 | 3 15 13 15 15 15 15 15 15 15 15 15 15 15 15 15 15 15 15 15 15 15 15 15 15 15 15 15 15 15 15 15 25 25 25 Average Carried 15 | 1 11 11 14 14 15 13 13 14 14 14 14 15 14 10 14 14 14 14 14 14 14 14 14 15 14 13 15 14 14 14 12 20 24 23 Final Capacity 25 | 8 15 15 15 15 15 15 15 15 15 15 15 15 15 15 15 15 15 15 15 15 15 15 15 15 15 15 15 15 15 15 15 25 25 25 Final Carried 25 | 3 13 11 15 15 15 15 15 15 15 15 15 15 14 15 15 15 14 15 15 15 15 15 15 15 15 15 15 15 15 13 15 25 25 25 Class Distribution -------------------- 24% | Gunner 24% | Hacker-Gunner 16% | Scavenger-Sprinter 8% | Scavenger-Gunner 7% | Mutant 6% | Tank Dominant Class ---------------- Mutant | -10/Materials Mutant | -10/Mines Tank | -9/Materials Gunner | -9/Storage Gunner | -9/Recycling Gunner | -9/Scraptown Hacker-Gunner | -6/Factory Hacker-Gunner | -6/Waste Hacker-Gunner | -6/Factory Gunner | -6/Lower Caves Gunner | -6/Lower Caves Gunner | -6/Data Miner Gunner | -5/Proximity Caves Gunner | -5/Factory Scavenger-Gunner | -5/Waste Scavenger-Gunner | -5/Factory Scavenger-Gunner | -5/Extension Scavenger-Tank | -5/Cetus Commander-Tank | -5/Archives Wizard-Gunner | -5/Hub_04(d) Hacker-Gunner | -4/Factory Hacker-Gunner | -4/Waste Hacker-Gunner | -4/Factory Scavenger-Gunner | -4/Upper Caves Scavenger-Gunner | -4/Upper Caves Mutant | -4/Zhirov Gunner | -3/Proximity Caves Gunner | -3/Research Hacker-Gunner | -3/Quarantine Scavenger-Gunner | -2/Research Scavenger-Mutant | -2/Testing Scavenger-Sprinter | -2/Protoforge Alien-Mutant | -1/Access Alien-Gunner | -1/Command Resources | -11 -10 -10 -9 -9 -9 -9 -6 -6 -6 -6 -6 -6 -5 -5 -5 -5 -5 -5 -5 -5 -4 -4 -4 -4 -4 -4 -3 -3 -3 -2 -2 -2 -1 -1 ----------- Run | Yrd Mat Min Mat Sto Rec Scr Fac Was Fac Low Low Dat Pro Fac Was Fac Ext Cet Arc Hub Fac Was Fac Upp Upp Zhi Pro Res Qua Res Tes Frg Acc Com Matter Collected 60120 | 352 944 140 2874 791 314 90 3854 644 1679 468 633 . 308 2371 710 1098 1369 436 552 675 2423 . 3789 218 125 404 . 2401 1462 904 498 22226 361 5007 Remotely 8127 | . . . . . . . . . . . . . . . 471 84 . . . . 839 . 993 . . . . 266 102 904 . 1027 124 3317 Salvage Created 58362 | 182 848 152 2369 692 653 . 3158 1382 1999 249 857 . 397 2653 1593 1203 1013 276 310 400 1115 . 2028 317 . 143 . 2287 1740 598 604 26813 355 1976 Parts 2376 | 13 42 4 160 46 27 . 146 8 98 9 42 . 24 132 7 32 38 7 18 13 42 . 84 5 . . . 68 84 23 15 1101 10 78 Haulers Intercepted 20 | . 1 . 6 3 . . 4 . 1 . . . . 1 . 1 . . . . . . 1 . . . . 2 . . . . . . Recyclers Shooed 24 | . 2 . 2 . 2 . 5 . 1 . . . . 4 . 1 . . . . 2 . 2 . . . . . 2 . . . . 1 Parts Field Recycled 4 | . . . . . . . . . . . . . . 4 . . . . . . . . . . . . . . . . . . . . Retrieved Matter 186 | . . . . . . . . . . . . . . 186 . . . . . . . . . . . . . . . . . . . . Parts Self-Destructed 74 | . . . . . . . . . . 11 39 . 24 . . . . . . . . . . . . . . . . . . . . . Prevented 5 | . . . . . . . . . . . . . . . . . . . . . . . . 5 . . . . . . . . . . Kills | -11 -10 -10 -9 -9 -9 -9 -6 -6 -6 -6 -6 -6 -5 -5 -5 -5 -5 -5 -5 -5 -4 -4 -4 -4 -4 -4 -3 -3 -3 -2 -2 -2 -1 -1 ------- Run | Yrd Mat Min Mat Sto Rec Scr Fac Was Fac Low Low Dat Pro Fac Was Fac Ext Cet Arc Hub Fac Was Fac Upp Upp Zhi Pro Res Qua Res Tes Frg Acc Com Combat Hostiles Destroyed 841 | . 18 15 34 13 2 . 38 6 30 7 20 . 15 30 6 15 13 5 1 6 18 . 29 . . . . 30 18 8 . 404 7 53 Melee 5 | . . . . . . . . . . . . . . 1 . . . . . . . . . . . . . . . . . 3 . 1 Guns 285 | . 9 2 1 . . . 4 6 20 2 16 . 5 22 . . . . . . . . 2 . . . . . . . . 196 . . Cannons 443 | . 9 4 33 13 2 . 22 . . . . . . 3 6 14 13 5 1 6 16 . 19 . . . . 30 13 7 . 186 2 39 AOE 106 | . . 9 . . . . 12 . 10 5 4 . 10 4 . 1 . . . . 2 . 8 . . . . . 5 1 . 17 5 13 Classes Destroyed 36 | 3 6 2 2 . . . 2 1 4 1 1 . . . . . 1 1 . . . . . . . . . 4 . . 1 7 . . Worker 63 | 2 2 . 12 1 . . 15 . 2 . . . . 11 . 1 1 . . . 5 . 4 . . . . 2 . . 1 . 2 2 Builder 30 | . 1 1 9 . . . 5 . 3 . . . . 6 . 1 . . . . 2 . 1 . . . . . . . . 1 . . Tunneler 12 | 3 . . 4 . . . 2 . . . . . . 1 . . . . . . . . 1 . . . . . . 1 . . . . Hauler 20 | . 1 . 6 3 . . 4 . 1 . . . . 1 . 1 . . . . . . 1 . . . . 2 . . . . . . Recycler 78 | 1 3 1 8 3 10 . 12 . 4 . . . . 7 . 3 2 . . . 3 . 6 . . . . 1 7 1 4 . 1 1 Carrier 9 | . . . . . . . . . . . . . . . . . . . . . . . . . . . . 1 . . . 8 . . Minesweeper 3 | . . . . . . . . . . . 1 . 2 . . . . . . . . . . . . . . . . . . . . . Mechanic 13 | . . . 1 1 . . 1 . . . . . . . . . . . . . . . . . . . . . . . . 9 . 1 Operator 19 | . 1 . 1 1 . . 1 . 1 . . . . 1 . . 1 . 9 . . . . . . . . 1 1 . . 1 . . Drone 21 | . . . . . . . . . . . . . . . . . . . . . . . . . . . . . . . . 17 4 . Watcher 41 | . 3 . 4 2 . . 6 . . . . . . 4 . . 1 1 . 2 3 . 5 . . . . . 3 1 1 4 . 1 Swarmer 108 | . 3 . . 3 . . 10 . 4 5 10 . 10 10 . 2 . . . . . . 8 . . . . 1 8 3 . 20 . 11 Cutter 3 | . . . . . . . . . 3 . . . . . . . . . . . . . . . . . . . . . . . . . Saboteur 7 | . . . . . . . . . . . . . . . . . . . . . . . . . . . . . . . . 4 . 3 Grunt 206 | . 15 . 25 5 . . 19 . 12 1 7 . 5 9 . 7 7 . . . . . 5 . . . . 12 3 1 . 64 1 8 Brawler 20 | . . . . . . . . . 2 . . . . . . . . . . . . . . . . . . 1 . . . 16 . 1 Duelist 14 | . . . . . . . . . . . . . . . . . . . . . . . 1 . . . . 1 . . . 8 . 4 Protector 25 | . . . . . . . 1 . 1 . . . . . . . 1 . . . . . . . . . . . . . . 21 . 1 Researcher 7 | . . . . . . . . . . . . . . . . . . . . . . . . . . . . . . . 1 6 . . Sentry 71 | . . . 9 5 2 . 2 . 3 . 3 . . 2 . 5 2 . 1 4 9 . 2 . . . . 1 . 1 . 15 1 4 Demolisher 7 | . . 2 . . . . . . . . . . . . . . . . . . . . . . . . . 3 . . . . . 2 Specialist 2 | . . . . . . . . . . . . . . . . . . . . . . . . . . . . . . . . 2 . . Hunter 67 | . . . . . . . . . 3 . . . . 1 . 1 1 . . . 3 . 4 . . . . 5 . 2 . 43 . 4 Programmer 85 | . . . . . . . 6 . 1 . . . . 8 . . . . . 2 6 . 9 . . . . 1 7 1 . 38 . 6 Heavy 1 | . . . . . . . . . 1 . . . . . . . . . . . . . . . . . . . . . . . . . Behemoth 3 | . . . . . . . . . . . . . . . . . 1 . . . . . . . . . . 1 . . . 1 . . Compactor 12 | . . . . . . . . 6 . . . . . . 6 . . . . . . . . . . . . . . . . . . . Cetus Guard 5 | . . . . . . . . . . . . . . . . . . 5 . . . . . . . . . . . . . . . . Hotshot 4 | . . . . . . . . . . . . . . . . . . . . . . . . . . . . . . . . 4 . . Decapitator 11 | . . . . . . . . . . . . . . . . . . . . . . . . . . . . . . . . 11 . . Immortal 7 | . . . . . . . . . . . . . . . . . . . . . . . . . . . . . . . . 7 . . Overlord 1 | . . . . . . . . . . . . . . . . . . . . . . . . . . . . . . . . 1 . . Combat Programmer 2 | . . . . . . . . . . . . . . . . . . . . . . . . . . . . . . . . . . 2 Striker 57 | . . . . . . . . . . . . . . . . . . . . . . . . . . . . 3 . . . 48 . 6 Executioner 76 | . . . . . . . . . . . . . . . . . . . . . . . . . . . . 1 . . . 73 1 1 Alpha 7 3 | . . . . . . . . . . . . . . . . . . . . . . . . . . . . . . . . 3 . . V-Series 5 | . . . . . . . . . . . . . . . . . . . . . . . . . . . . . . . . 5 . . Scrapoid 4 | . . . . . . . . . . . . . . . . . . . . . . . . . . . . . . . . 4 . . Scraphulk 2 | . . . . . . . . . . . . . . . . . . . . . . . . . . . . . . . . 2 . . Assembled 13 | . . 13 . . . . . . . . . . . . . . . . . . . . . . . . . . . . . . . . Wasp 3 | . . . . . . . . . . . . . . . . 3 . . . . . . . . . . . . . . . . . . Thug 3 | . . . . . . . . . . . . . . . . 1 2 . . . . . . . . . . . . . . . . . Savage 2 | . . . . . . . . . . 1 . . . . . . . . 1 . . . . . . . . . . . . . . . Butcher 2 | . . . . . . . . . . . . . . . . . . 1 . 1 . . . . . . . . . . . . . . Martyr 1 | . . . . . . . . . 1 . . . . . . . . . . . . . . . . . . . . . . . . . Guerrilla 1 | . . . . . . . . . . . . . . . . . 1 . . . . . . . . . . . . . . . . . Mutant 1 | . . . . . . . . . . 1 . . . . . . . . . . . . . . . . . . . . . . . . Revision 2 | . . . . . . . . . . . . . . . . . . . . . . . . . . . . 2 . . . . . . Best Kill Streak 19 | 2 4 15 8 3 3 . 11 2 5 3 5 . 5 6 2 6 5 4 3 1 4 . 7 . . . . 8 5 3 2 19 6 17 Combat Bots Only 19 | . 3 15 3 3 1 . 5 2 5 3 5 . 5 5 2 5 5 3 1 1 3 . 6 . . . . 6 5 3 . 19 5 15 Max Kills in Single Turn 5 | 1 2 3 2 1 1 . 3 1 3 2 2 . 3 4 1 5 3 3 1 2 2 . 4 . . . . 2 5 1 1 4 2 5 Gunslinging 2 | . . . . . . . . . 1 . . . 1 1 . . . . . . . . . . . . . . . . . 2 . . Exploded 5 | . . 3 . . . . 3 . 3 2 2 . 3 3 . 1 . . . . 2 . 3 . . . . . 5 1 . 3 2 5 Melee 1 | . . . . . . . . . . . . . . 1 . . . . . . . . . . . . . . . . . 1 . 1 Uniques/NPCs Destroyed . | . . . . . . . . . . . . . . . . . . . . . . . . . . . . . . . . . . . Combat | -11 -10 -10 -9 -9 -9 -9 -6 -6 -6 -6 -6 -6 -5 -5 -5 -5 -5 -5 -5 -5 -4 -4 -4 -4 -4 -4 -3 -3 -3 -2 -2 -2 -1 -1 -------- Run | Yrd Mat Min Mat Sto Rec Scr Fac Was Fac Low Low Dat Pro Fac Was Fac Ext Cet Arc Hub Fac Was Fac Upp Upp Zhi Pro Res Qua Res Tes Frg Acc Com Hostile Shots Fired 3257 | . 90 24 76 45 6 . 278 . 130 26 36 . 16 281 . 42 62 21 2 57 170 . 235 3 16 . . 36 50 212 2 724 22 595 Missed 1362 | . 21 2 20 11 6 . 117 . 55 15 10 . 5 118 . 22 22 5 1 27 64 . 99 1 11 . . 18 22 96 1 336 11 246 Intercepted 1 | . . . . . . . . . . . . . . . . . . . . . . . . . . . . . . . . . . 1 Hits 1895 | . 69 22 56 34 . . 161 . 75 11 26 . 11 163 . 20 40 16 1 30 106 . 136 2 5 . . 18 28 116 1 388 11 349 Melee 67 | . . 3 . . . . . . 5 . . . . 1 . 1 . . . . . . 2 . . . . . . . . 30 . 25 Projectile 1828 | . 69 19 56 34 . . 161 . 70 11 26 . 11 162 . 19 40 16 1 30 106 . 134 2 5 . . 18 28 116 1 358 11 324 AOE 38 | . . 6 . . . . . . 6 . . . . 1 . . . . . . . . 2 . . . . . . . . 5 . 18 Critical Strikes 138 | . 1 1 1 . . . 7 . 5 . . . . 9 . . 3 4 . 3 3 . 11 . 1 . . . 3 5 . 55 1 25 Actively Blocked 87 | . 1 . . . . . . . . . . . . . . . . 1 . . . . . . . . . . . 5 . 54 1 25 Part Disruptions 9 | . . . . . . . . . . . . . . . . . . . . . 1 . 1 . . . . . . 2 1 . 1 3 Damage Taken 42254 | . 802 631 695 462 . . 2671 . 1583 175 455 . 225 3020 . 963 635 441 27 670 2278 . 3199 25 105 . . 469 757 2628 210 8543 287 10298 Core 4915 | . 85 129 36 57 . . 395 . 287 21 47 . 20 576 . 265 10 15 . 38 242 . 301 . . . . 35 46 75 . 978 . 1257 Absorbed by Shields 5092 | . . . . . . . 31 . . . . . . . . 10 171 78 . . . . . . . . . . . . . 4433 99 270 Redirected to Shielding 277 | . 98 . 16 . . . . . . . . . . . . . . 37 . 14 63 . . . . . . . . . . 49 . . Ignored by Resistances 1021 | . . . 15 6 . . . . . . . . . 108 . . . . . . . . . . . . . . . . . 99 33 760 Regen/Repaired (Parts) 6834 | . 86 . 63 115 . . 758 93 508 . . . . 209 97 186 . . . . 506 . 510 . . . . 71 15 264 398 1070 247 1638 Core Remaining (%) 41 | 100 . 14 . . . 76 . . . . . . 9 . . . . . . 9 . . . . . . 52 . 75 . . 13 . 21 Volleys Fired 2256 | 18 100 17 128 45 20 . 155 31 80 12 36 . 15 106 21 39 47 15 74 32 98 . 136 . 6 11 3 63 53 49 2 704 8 132 Largest 4 | 2 2 2 4 4 4 . 4 4 4 4 4 . 4 4 4 4 4 4 4 4 4 . 4 . 1 1 1 4 4 4 1 4 3 4 Hottest 308 | 40 66 66 123 129 129 . 135 97 135 128 125 . 120 141 174 187 187 240 178 178 191 . 197 . 46 56 47 224 224 221 200 308 238 238 Shots Fired 6884 | 36 200 30 506 163 60 . 553 120 306 33 129 . 47 332 83 141 147 51 101 91 253 . 283 . 6 10 3 209 130 86 4 2420 18 333 Gun 2605 | 36 93 8 45 2 . . 155 104 296 29 126 . 42 291 7 . . 3 . . 15 . 46 . . . . 4 . . 1 1302 . . Cannon 4142 | . 107 18 461 161 60 . 386 . . . . . . 29 76 141 147 48 62 91 237 . 231 . . 10 3 204 129 82 3 1114 15 327 Launcher 85 | . . 4 . . . . 12 16 10 4 3 . 5 . . . . . . . . . 6 . 6 . . 1 1 4 . 4 3 6 Special 52 | . . . . . . . . . . . . . . 12 . . . . 39 . 1 . . . . . . . . . . . . . Kinetic 6684 | 36 200 26 506 163 60 . 534 104 296 29 126 . 42 320 83 141 147 48 62 91 252 . 259 . . 10 3 208 129 80 1 2386 15 327 Thermal 94 | . . . . . . . 7 . . . . . . 12 . . . 3 39 . . . . . . . . . . . 3 30 . . Explosive 81 | . . 4 . . . . 12 16 10 4 3 . 5 . . . . . . . . . 6 . 6 . . 1 1 . . 4 3 6 Electromagnetic 24 | . . . . . . . . . . . . . . . . . . . . . . . 18 . . . . . . 6 . . . . Robot Hit Streak 51 | 8 16 7 12 11 8 . 12 9 9 8 8 . 17 16 8 7 9 13 7 7 13 . 11 . 4 13 . 26 9 11 12 38 8 51 Robot Miss Streak 11 | 1 4 4 6 10 4 . 6 5 11 3 4 . 2 6 3 4 5 3 4 4 5 . 7 . . . . 2 3 4 . 6 2 4 Penetration Max 2 | . . . . . . . . . 1 . . . . 1 . 1 2 1 . 1 1 . 1 . . 1 . 2 1 . . 2 . 2 Secondary Targets 69 | . . . . . . . . 1 4 . 3 . 2 2 . . . . . . . . . . . . . . . . . 57 . . Max Gunslinging Chain 2 | . . . . . . . . 1 1 . 1 . 1 1 . . . . . . . . . . . . . . . . . 2 . . Shots Hit Robots 4092 | 25 121 15 215 69 31 . 289 78 139 15 76 . 33 190 52 67 77 33 58 44 135 . 154 5 1 9 . 119 57 34 10 1684 18 239 Core Hits 2202 | 12 37 31 93 28 12 . 179 25 85 12 36 . 30 91 16 47 36 18 28 15 54 . 74 2 2 5 . 59 36 26 4 970 12 127 Critical Kills 246 | . . . . . . . . . 3 . . . . 2 . 6 13 3 4 2 8 . 1 . . . . 23 24 7 . 134 1 15 Critical Parts Destroyed 323 | . 1 . . . . . 2 1 . . 1 . . 2 . 9 13 2 12 . 5 . 1 . . 2 . 27 24 7 . 171 1 42 Critical Strikes 796 | . 3 3 2 3 . . 13 1 3 . 1 . . 7 2 25 37 12 19 10 30 . 25 . . 2 . 57 48 16 . 386 3 88 Meltdown 2 | . . . . . . . . . . . . . . . . . . . . . . . . . . . . . . . . 2 . . Destroy 618 | . 1 . . . . . 2 1 3 . 1 . . 5 . 16 30 9 17 2 14 . 2 . . 2 . 52 48 15 . 320 2 76 Blast 170 | . 2 3 2 3 . . 11 . . . . . . 1 2 9 7 3 1 8 16 . 23 . . . . 5 . 1 . 60 1 12 Sever 6 | . . . . . . . . . . . . . . 1 . . . . 1 . . . . . . . . . . . . 4 . . Melee Attacks 148 | . . . . . . . . . . . . . . 58 . . . . . . . . . 5 . . . . . 9 16 51 4 5 Impact 8 | . . . . . . . . . . . . . . 8 . . . . . . . . . . . . . . . . . . . . Slashing 140 | . . . . . . . . . . . . . . 50 . . . . . . . . . 5 . . . . . 9 16 51 4 5 Piercing . | . . . . . . . . . . . . . . . . . . . . . . . . . . . . . . . . . . . Sneak Attacks 34 | . . . . . . . . . . . . . . 16 . . . . . . . . . . . . . . . . 7 7 3 1 Combat Hostiles . | . . . . . . . . . . . . . . . . . . . . . . . . . . . . . . . . . . . Follow-up Attacks . | . . . . . . . . . . . . . . . . . . . . . . . . . . . . . . . . . . . Damage Inflicted 163836 | 245 2109 845 3891 1550 602 . 8553 2857 4765 733 2199 . 1470 7546 1617 2397 2200 1164 1242 1591 4827 . 6539 408 181 156 . 3664 1751 1212 1340 79770 1924 14488 Guns 44143 | 245 828 45 333 . . . 1671 1399 3495 339 1836 . 700 4033 114 . . . . . 187 . 612 . . . . 72 . . . 28234 . . Cannons 92454 | . 1281 191 3558 1550 599 . 5028 . . . . . . 706 1503 2083 2200 1164 895 1591 4091 . 4982 . . 156 . 3546 1404 759 . 42520 788 11859 Explosions 18729 | . . 609 . . . . 1854 1458 1270 394 363 . 770 880 . 314 . . . . 549 . 945 . 181 . . 46 347 406 . 5424 528 2391 Melee 7891 | . . . . . . . . . . . . . . 1754 . . . . . . . . . 408 . . . . . . 1340 3592 608 189 Ramming 128 | . . . . . 3 . . . . . . . . 29 . . . . . . . . . . . . . . . 47 . . . 49 Kinetic 133101 | 245 2109 236 3891 1550 599 . 6699 1399 3495 339 1836 . 700 4739 1617 2083 2200 1164 895 1591 4278 . 5118 . . 156 . 3618 1404 728 . 67765 788 11859 Thermal 8596 | . . . . . . . . . . . . . . 144 . 292 . . 347 . 549 . . . . . . . . . . 7264 . . Explosive 13185 | . . 609 . . . . 1854 1458 1270 394 363 . 770 880 . . . . . . . . 945 . 181 . . 46 347 . . 1149 528 2391 Electromagnetic 935 | . . . . . . . . . . . . . . . . 22 . . . . . . 476 . . . . . . 437 . . . . Impact 192 | . . . . . . . . . . . . . . 192 . . . . . . . . . . . . . . . . . . . . Slashing 7699 | . . . . . . . . . . . . . . 1562 . . . . . . . . . 408 . . . . . . 1340 3592 608 189 Piercing . | . . . . . . . . . . . . . . . . . . . . . . . . . . . . . . . . . . . Highest Corruption 49 | . 4 9 . 1 1 . 2 1 3 3 . . . 9 9 9 9 9 9 6 6 14 27 49 49 49 49 . 8 7 10 19 . 24 Average Corruption 7 | . 3 8 . 1 1 . 1 1 2 2 . . . 6 9 9 9 9 7 2 4 11 18 33 49 49 49 . 1 2 7 7 . 14 Corruption Purged 34 | . . . . . . . 2 . . 3 . . . . . . . . 7 . . . . . . . . . . . . 22 . . Corruption Blocked . | . . . . . . . . . . . . . . . . . . . . . . . . . . . . . . . . . . . Effects 653 | . 36 8 . 5 10 . 15 2 19 1 . . . 69 10 24 47 11 18 12 17 4 100 11 16 8 5 . 13 . 16 137 . 39 Message Errors 141 | . 12 . . 1 2 . 6 1 3 . . . . 17 2 6 8 5 3 3 3 1 22 3 2 1 . . 3 . 4 31 . 2 Matter Fused 159 | . 12 . . . 4 . 4 . 6 . . . . 19 3 3 15 2 6 1 6 1 24 1 4 4 1 . 4 . 3 28 . 8 Heat Flow Errors 67 | . 5 3 . . 1 . 2 . 3 1 . . . 3 . 1 7 . . 4 . . 12 1 . 1 2 . 1 . 3 13 . 4 Energy Discharges 65 | . 1 1 . . . . . . 2 . . . . 4 . 5 3 2 2 2 2 1 11 3 2 1 1 . 1 . 1 18 . 2 Parts Rejected 10 | . . . . . 1 . . . . . . . . . . . 1 . . . . . . . . . . . . . . 3 . 5 Parts Fused 6 | . . . . . . . . . . . . . . . . 1 . . . . 1 . . . 1 . . . . . . 3 . . Data Loss (minor) 70 | . 2 . . 2 1 . 1 1 1 . . . . 14 3 3 5 . 2 1 3 . 9 2 1 . 1 . 2 . . 11 . 5 Data Loss (major) 29 | . . 1 . . . . 1 . 1 . . . . 5 1 3 2 . 3 . 1 . 3 . 1 . . . 1 . 1 4 . 1 Misfires 23 | . 2 1 . 1 . . 1 . 1 . . . . 3 . 1 2 1 1 1 1 . 4 . . . . . 1 . 2 . . . Alerts 8 | . . . . 1 1 . . . . . . . . . . . . . . . . . 1 . . . . . . . 2 2 . 1 Misdirections 24 | . . . . . . . . . . . . . . . . . . . . . . 1 2 1 5 . . . . . . 12 . 3 Weapon Failures 51 | . 2 2 . . . . . . 2 . . . . 4 1 1 4 1 1 . . . 12 . . 1 . . . . . 12 . 8 Overload Shots 3 | . . . . . . . . . . . . . . . . . . 3 . . . . . . . . . . . . . . . . Effects 1 | . . . . . . . . . . . . . . . . . . 1 . . . . . . . . . . . . . . . . Heat Surge 1 | . . . . . . . . . . . . . . . . . . 1 . . . . . . . . . . . . . . . . Overflow Damage 5882 | . 38 28 33 26 34 . 114 . 6 19 16 . 45 386 . 87 4 . 12 100 253 . 244 192 28 33 . 93 18 7 602 2547 326 591 Projectiles 2827 | . 38 . 33 26 34 . 102 . . . . . . 44 . 27 4 . 12 100 152 . 230 . . 33 . 77 18 2 . 1298 29 568 Explosions 900 | . . 28 . . . . 12 . 6 19 16 . 45 . . 60 . . . . 101 . 14 . 28 . . 16 . 5 . 434 93 23 Melee 2155 | . . . . . . . . . . . . . . 342 . . . . . . . . . 192 . . . . . . 602 815 204 . Knockbacks 379 | . 22 3 36 13 5 . 28 . . . . . . 6 . 10 9 . 4 8 31 . 35 . . 2 . 6 10 5 . 58 4 84 Impact 1 | . . . . . . . . . . . . . . 1 . . . . . . . . . . . . . . . . . . . . Kinetic 355 | . 21 2 36 13 5 . 28 . . . . . . 5 . 10 8 . 4 7 27 . 31 . . 1 . 6 9 5 . 54 4 79 Secondary 23 | . 1 1 . . . . . . . . . . . . . . 1 . . 1 4 . 4 . . 1 . . 1 . . 4 . 5 Self-Inflicted Damage 941 | . . 104 . . . . 2 . 18 . . . 20 124 . . . . . . 25 . . . . . . . . 95 210 224 95 24 Shots 23 | . . 4 . . . . 1 . 1 . . . 1 2 . . . . . . 1 . . . . . . . . 6 2 3 2 . Rammed 6 | . . . . . . . . . . . . . . 3 . . . . . . . . . . . . . . . 2 . . . 1 Targets Rammed 7 | . . . . . 1 . . . . . . . . 3 . . . . . . . . . . . . . . . 2 . . . 1 Kicked . | . . . . . . . . . . . . . . . . . . . . . . . . . . . . . . . . . . . Crushed 1 | . . . . . 1 . . . . . . . . . . . . . . . . . . . . . . . . . . . . . Highest Temperature 381 | . 289 185 338 191 171 . 233 56 229 193 214 . . 266 209 381 366 371 63 299 342 . 341 107 . 52 242 322 110 29 234 178 198 376 Average Temperature 71 | . 87 48 86 63 62 . 23 20 48 50 68 . . 51 82 89 75 73 16 91 91 . 62 64 . 52 100 77 69 14 78 28 89 110 Received Heat Transfer 4838 | . 408 20 342 156 . . 901 . 354 41 99 . 63 678 . 126 213 . . 66 168 . 331 . . . . 18 30 153 . 280 22 369 Effects 21 | . . . 8 . . . . . . . 2 . . . . . 1 1 . . 4 . 1 . . . . . . . . . . 4 Shutdowns 2 | . . . . . . . . . . . . . . . . . . . . . . . 1 . . . . . . . . . . 1 Energy Bleed 6 | . . . 1 . . . . . . . . . . . . . . 1 . . 2 . . . . . . . . . . . . 2 Interference 12 | . . . 7 . . . . . . . 2 . . . . . 1 . . . 2 . . . . . . . . . . . . . Matter Decay 1 | . . . . . . . . . . . . . . . . . . . . . . . . . . . . . . . . . . 1 Siege Activations . | . . . . . . . . . . . . . . . . . . . . . . . . . . . . . . . . . . . Martial Activations . | . . . . . . . . . . . . . . . . . . . . . . . . . . . . . . . . . . . Shielding Activations . | . . . . . . . . . . . . . . . . . . . . . . . . . . . . . . . . . . . Robots Disrupted 2 | . . . . . . . . . . . . . . . . . . . . . . . 1 . . . . . . 1 . . . . Combat Hostiles 1 | . . . . . . . . . . . . . . . . . . . . . . . . . . . . . . 1 . . . . Robots Corrupted 1 | . . . . . . . . . . . . . . . . . . . . . . . 1 . . . . . . . . . . . Combat Hostiles . | . . . . . . . . . . . . . . . . . . . . . . . . . . . . . . . . . . . Parts Fried 10 | . . . . . . . . . . . . . . 2 . . . . . . . . 6 . . . . . . . . 2 . . Impact Corruptions 1 | . . . . . . . . . . . . . . 1 . . . . . . . . . . . . . . . . . . . . Robots Melted 2 | . . . . . . . . . . . . . . . . . . . . . . . . . . . . . . . . 2 . . Combat Hostiles 2 | . . . . . . . . . . . . . . . . . . . . . . . . . . . . . . . . 2 . . Parts Melted 13 | . . . . . . . . . . . . . . . . 2 1 . . . . . 4 . . . . 1 . . . 5 . . Heat Transferred 6056 | . . . . . . . . . . . . . . 333 . 250 . . 777 . 250 . . . . . . . . . . 4446 . . Parts Sabotaged 5 | . . . . . . . . . . . . . . 3 . . . . . . . . . . . . . . . . . . . 2 Parts Stolen . | . . . . . . . . . . . . . . . . . . . . . . . . . . . . . . . . . . . Parts Stripped . | . . . . . . . . . . . . . . . . . . . . . . . . . . . . . . . . . . . Power Chain Reactions 1 | . . . . . . . . . . . . . . . . . . . . . . . 1 . . . . . . . . . . . Alert | -11 -10 -10 -9 -9 -9 -9 -6 -6 -6 -6 -6 -6 -5 -5 -5 -5 -5 -5 -5 -5 -4 -4 -4 -4 -4 -4 -3 -3 -3 -2 -2 -2 -1 -1 ------- Run | Yrd Mat Min Mat Sto Rec Scr Fac Was Fac Low Low Dat Pro Fac Was Fac Ext Cet Arc Hub Fac Was Fac Upp Upp Zhi Pro Res Qua Res Tes Frg Acc Com Maximum Alert Level 5 | . . . 3 1 . . 5 2 5 . . . . 5 2 5 4 3 2 2 2 . 3 . . . . 2 2 3 2 5 5 5 Low Security (%) 26 | 100 100 100 15 35 100 . 26 . . . . . . 26 . . . . . 18 71 100 41 . . . . 59 . . 35 . . . Level 1 14 | . . . 40 64 . . 7 2 3 . . . . 8 . 12 . . 57 61 23 . 13 . . . . 10 . 47 25 1 . . Level 2 16 | . . . 39 . . . 10 97 1 . . . . 1 100 . . 78 42 20 4 . 17 . . . . 30 99 40 39 6 . . Level 3 7 | . . . 4 . . . 15 . 26 . . . . 5 . 13 56 21 . . . . 27 . . . . . . 12 . 1 . . Level 4 7 | . . . . . . . 23 . 6 . . . . 40 . 48 43 . . . . . . . . . . . . . . 1 . . Level 5 25 | . . . . . . . 16 . 53 . . . . 17 . 25 . . . . . . . . . . . . . . . 89 100 20 High Security 2 | . . . . . . . . . 8 . . . . . . . . . . . . . . . . . . . . . . . . 79 Max Security . | . . . . . . . . . . . . . . . . . . . . . . . . . . . . . . . . . . . Peak Influence 11836 | 10 130 30 744 341 125 . 1797 531 2374 . . . . 1821 588 1737 1228 726 461 442 544 189 991 . . . . 665 647 939 531 11836 7386 6895 Initial 7101 | . . 28 . 311 115 . . 524 273 . . . . 126 588 319 847 610 278 107 147 189 118 . . . . . 373 326 528 183 7101 4709 Average 1904 | 2 43 12 356 225 23 . 853 475 1600 . . . . 954 519 1253 1041 664 386 276 137 181 417 . . . . 218 548 487 330 6227 7208 5761 Influence Increases 41198 | 30 696 79 1429 523 168 . 2990 46 2913 200 482 . 510 3007 38 2054 954 366 303 984 1835 . 2380 5 75 . . 1308 882 1007 369 12613 378 2574 Destroy 0b10 Robot/C 18680 | . 360 40 680 260 40 . 1340 . 1160 120 400 . 360 660 . 680 500 160 80 320 560 . 820 . . . . 660 360 160 20 7760 140 1040 Destroy 0b10 Robot/NC 1710 | 30 55 10 225 55 50 . 270 . 75 . 15 . 10 160 . 40 30 10 45 25 70 . 95 5 . . . 30 55 15 30 260 15 30 Destroy Leader 3502 | . 78 10 240 90 . . 292 . 234 20 10 . 40 152 . 142 52 . . 118 206 . 194 . . . . 144 46 32 2 1218 10 172 Allied During Kill 3135 | . . . . . . . 164 . 1041 . 12 . 100 22 . 533 223 163 125 215 . . 174 . . . . 121 . . . 242 . . Trap Triggered on 0b10 90 | . . . . . . . . . . . . . . . . . . . . 20 . . 10 . . . . . . . . 60 . . Successful Hack 1405 | . 56 . 25 17 17 . 129 . 72 . . . . 173 . 55 . . . 56 128 . 99 . . . . 182 192 59 11 113 . 21 Select Force Hacks 270 | . 30 . 120 30 30 . 30 . . . . . . . . . . . . . . . 30 . . . . . . . . . . . Disable Machine 2250 | . 15 . 120 60 30 . 165 . 90 . . . . 180 . 90 15 15 45 90 180 . 210 . . . . 30 105 . 120 600 15 75 Anti-Garrison Action 300 | . . . . . . . . . . . . . . . . 150 . . . . . . . . . . . . . . . 150 . . Destroy Structure 3346 | . 12 19 19 11 1 . 60 46 91 . . . . 310 38 244 44 18 8 80 226 . 418 . . . . 66 64 111 171 650 168 471 Partial Spotted 810 | . 15 . . . . . 75 . . . . . . 60 . 30 60 . . 45 90 . 45 . . . . 30 45 30 . 195 30 60 Lose Combat Pursuer 5700 | . 75 . . . . . 465 . 150 60 45 . . 1290 . 90 30 . . 15 375 . 285 . 75 . . 45 15 600 15 1365 . 705 Influence Decreases 34365 | 30 622 153 692 964 464 . 1492 1154 929 1228 591 1237 308 1528 1263 781 1592 761 692 990 1594 373 1561 447 205 416 . 643 966 649 981 1104 4855 3100 Entered New Map 17338 | . . 46 . 426 181 . . 974 117 880 257 1237 . 76 1093 137 882 481 418 200 154 353 51 367 105 416 . . 292 255 411 144 4735 2650 Time Decay 10576 | 30 499 50 682 538 283 . 652 180 522 318 294 . 298 662 140 334 470 130 254 380 551 20 586 80 90 . . 485 494 294 270 770 120 100 Search Patrol Dispatched 450 | . . . . . . . . . . . . . . 450 . . . . . . . . . . . . . . . . . . . . Lost Part 1407 | . 10 37 10 . . . 60 . 40 30 . . 10 200 . 40 30 30 . 20 110 . 170 . 10 . . . 10 100 . 140 . 350 Lost Ally 1582 | . . 20 . . . . 180 . 250 . 40 . . 140 30 120 60 120 20 90 212 . 190 . . . . 40 20 . . 50 . . Purge Threat 3012 | . 113 . . . . . 600 . . . . . . . . 150 150 . . 300 567 . 564 . . . . 118 150 . 300 . . . Squads Dispatched 251 | . 4 . 9 2 . . 37 . 28 . . . . 24 . 16 3 . . 6 22 . 18 . . . . 14 7 5 2 17 2 35 Investigation 101 | . 4 . 7 1 . . 17 . 7 . . . . 13 . 6 . . . . 11 . 12 . . . . 10 1 1 . 10 . 1 Extermination 34 | . . . . . . . 4 . 3 . . . . 4 . 1 . . . 2 6 . 4 . . . . . 3 2 2 2 1 . Reinforcement 47 | . . . 2 1 . . 8 . 8 . . . . 3 . 2 2 . . 3 5 . . . . . . 4 . 2 . 5 1 1 Assault 63 | . . . . . . . 8 . 9 . . . . 4 . 3 1 . . . . . 2 . . . . . 3 . . . . 33 Garrison 6 | . . . . . . . . . 1 . . . . . . 4 . . . 1 . . . . . . . . . . . . . . Intercept . | . . . . . . . . . . . . . . . . . . . . . . . . . . . . . . . . . . . Searches Triggered 3 | . . . . . . . . . . . . . . 3 . . . . . . . . . . . . . . . . . . . . Data Miner Redirects 26 | . . . . . . . . . . . . . . 9 . 7 1 . . . 4 . 4 . . . . . 1 . . . . . Construction Impeded 8 | . . . 1 . . . 3 . 3 . . . . . . . . . . . 1 . . . . . . . . . . . . . Haulers Reinforced 12 | . . . . . . . 3 . 2 . . . . 2 . 1 . . . 1 . . . . . . . 2 . . . . 1 . Active Scanning Responses . | . . . . . . . . . . . . . . . . . . . . . . . . . . . . . . . . . . . Cargo Convoy Interrupts 1 | . . . . . . . . . 1 . . . . . . . . . . . . . . . . . . . . . . . . . Stealth | -11 -10 -10 -9 -9 -9 -9 -6 -6 -6 -6 -6 -6 -5 -5 -5 -5 -5 -5 -5 -5 -4 -4 -4 -4 -4 -4 -3 -3 -3 -2 -2 -2 -1 -1 --------- Run | Yrd Mat Min Mat Sto Rec Scr Fac Was Fac Low Low Dat Pro Fac Was Fac Ext Cet Arc Hub Fac Was Fac Upp Upp Zhi Pro Res Qua Res Tes Frg Acc Com Distress Signals 82 | . 1 . 4 3 . . 8 . 7 . . . . 8 . 6 1 2 . 3 8 . 2 . . . . 5 . 4 . 14 . 6 Communications Jammed . | . . . . . . . . . . . . . . . . . . . . . . . . . . . . . . . . . . . Distress Signals . | . . . . . . . . . . . . . . . . . . . . . . . . . . . . . . . . . . . Times Spotted 1900 | . 27 18 48 20 1 . 102 6 65 15 18 . 18 142 6 46 27 8 37 30 59 3 76 7 6 . . 34 33 71 4 818 14 141 Peak Tracking Total 24 | . 4 15 4 3 1 . 10 3 7 4 11 . 5 16 2 8 5 5 2 6 8 4 10 7 3 . . 6 10 18 2 24 8 24 Tactical Retreats 165 | . 3 1 . . . . 12 . 6 1 1 . . 30 . 3 2 . . 1 13 . 8 . 4 . . 2 1 10 1 46 1 19 Traps | -11 -10 -10 -9 -9 -9 -9 -6 -6 -6 -6 -6 -6 -5 -5 -5 -5 -5 -5 -5 -5 -4 -4 -4 -4 -4 -4 -3 -3 -3 -2 -2 -2 -1 -1 ------- Run | Yrd Mat Min Mat Sto Rec Scr Fac Was Fac Low Low Dat Pro Fac Was Fac Ext Cet Arc Hub Fac Was Fac Upp Upp Zhi Pro Res Qua Res Tes Frg Acc Com Traps Triggered 54 | . 4 . 6 . . . 6 . 2 . . . . 5 . 4 . . . . 2 . . . . . . . . . . 21 . 4 Indirectly . | . . . . . . . . . . . . . . . . . . . . . . . . . . . . . . . . . . . Trap Hack Attempts . | . . . . . . . . . . . . . . . . . . . . . . . . . . . . . . . . . . . Triggered . | . . . . . . . . . . . . . . . . . . . . . . . . . . . . . . . . . . . Disarmed . | . . . . . . . . . . . . . . . . . . . . . . . . . . . . . . . . . . . Reprogrammed 15 | . . . . . . . . . . . . . . . . . . . . 3 . . 6 . . . . . . . . 6 . . Reused 9 | . . . . . . . . . . . . . . . . . . . . 2 . . 1 . . . . . . . . 6 . . Traps Extracted . | . . . . . . . . . . . . . . . . . . . . . . . . . . . . . . . . . . . Installed . | . . . . . . . . . . . . . . . . . . . . . . . . . . . . . . . . . . . Triggered 9 | . . . . . . . . . . . . . . . . . . . . 2 . . 1 . . . . . . . . 6 . . Machines | -11 -10 -10 -9 -9 -9 -9 -6 -6 -6 -6 -6 -6 -5 -5 -5 -5 -5 -5 -5 -5 -4 -4 -4 -4 -4 -4 -3 -3 -3 -2 -2 -2 -1 -1 ---------- Run | Yrd Mat Min Mat Sto Rec Scr Fac Was Fac Low Low Dat Pro Fac Was Fac Ext Cet Arc Hub Fac Was Fac Upp Upp Zhi Pro Res Qua Res Tes Frg Acc Com Machines Disabled 166 | . 1 . 8 4 2 . 11 . 6 1 2 . . 12 . 7 1 1 3 6 12 . 14 . . . . 2 8 . 8 50 1 6 Max in Single Turn 5 | . 1 . 2 1 1 . 3 . 1 1 1 . . 4 . 3 1 1 1 1 5 . 2 . . . . 1 1 . 3 2 1 1 Garrison Access 15 | . . . . . . . 1 . 2 . . . . 2 . 1 . . . 1 3 . 2 . . . . 1 1 . . 1 . . Phase Generator 1 | . . . . . . . . . . . . . . . . . . . . . . . . . . . . . . . . . . 1 Network Hub 2 | . . . . . . . . . . . . . . . . . . . . 2 . . . . . . . . . . . . . . Machines Repaired . | . . . . . . . . . . . . . . . . . . . . . . . . . . . . . . . . . . . Machines Dismantled 2 | . . . . . . . . . . . . . . 1 . . . . . 1 . . . . . . . . . . . . . . Machines Sabotaged . | . . . . . . . . . . . . . . . . . . . . . . . . . . . . . . . . . . . Overloaded Fab Kills . | . . . . . . . . . . . . . . . . . . . . . . . . . . . . . . . . . . . Hacking | -11 -10 -10 -9 -9 -9 -9 -6 -6 -6 -6 -6 -6 -5 -5 -5 -5 -5 -5 -5 -5 -4 -4 -4 -4 -4 -4 -3 -3 -3 -2 -2 -2 -1 -1 --------- Run | Yrd Mat Min Mat Sto Rec Scr Fac Was Fac Low Low Dat Pro Fac Was Fac Ext Cet Arc Hub Fac Was Fac Upp Upp Zhi Pro Res Qua Res Tes Frg Acc Com Machines Accessed 318 | . 10 . 17 12 8 2 37 . 16 2 2 4 . 31 . 17 7 . . 12 39 . 26 1 . 4 . 18 18 5 5 22 1 2 Terminals 164 | . 8 . 11 9 6 . 15 . 6 . 1 . . 12 . 6 7 . . 11 19 . 9 1 . . . 8 14 2 4 12 1 2 Fabricators 33 | . . . . . . . 6 . 2 . . . . 5 . 4 . . . . 5 . 3 . . . . 2 . 1 1 4 . . Repair Stations 28 | . 1 . 2 1 . . 5 . 3 . . . . 4 . . . . . . 3 . 5 . . . . 2 1 . . 1 . . Recycling Units 44 | . 1 . 2 1 2 . 8 . 3 . . . . 5 . 4 . . . . 7 . 5 . . . . 2 . 1 . 3 . . Scanalyzers 18 | . . . 2 . . . 2 . 1 . . . . 3 . 2 . . . . 2 . 2 . . . . 1 2 . . 1 . . Garrison Access 18 | . . . . 1 . . 1 . 1 . . . . 2 . 1 . . . 1 3 . 2 . . . . 3 1 1 . 1 . . Total Hacks 1261 | . 35 . 48 31 18 17 139 . 46 2 8 32 . 85 . 50 25 . . 74 190 . 103 7 . 16 . 103 89 22 15 93 6 7 Successful 745 | . 19 . 32 21 10 17 87 . 30 2 8 32 . 44 . 24 10 . . 42 132 . 74 7 . 16 . 55 32 6 8 36 . 1 Failed 511 | . 15 . 15 10 8 . 51 . 16 . . . . 41 . 26 15 . . 31 57 . 29 . . . . 48 57 16 7 57 6 6 Catastrophic 91 | . 1 . 1 4 . . 3 . 1 . . . . 8 . 8 5 . . 2 6 . 4 . . . . 3 16 7 4 14 1 3 Database Lockouts 5 | . 1 . 1 . . . 1 . . . . . . . . . . . . 1 1 . . . . . . . . . . . . . Manual 776 | . 30 . 40 24 17 . 91 . 24 . . . . 60 . 38 25 1 . 46 106 . 66 . . . . 54 49 14 11 67 6 7 Terminals 722 | . 31 . 35 24 16 . 69 . 16 . 4 . . 39 . 22 25 . . 71 115 . 48 7 . . . 39 71 13 14 50 6 7 Fabricators 118 | . . . . . . . 18 . 5 . . . . 17 . 17 . . . . 14 . 12 . . . . 7 . 4 1 23 . . Repair Stations 120 | . 3 . 3 4 . . 24 . 13 . . . . 8 . . . . . . 21 . 21 . . . . 10 9 . . 4 . . Recycling Units 76 | . 1 . 3 1 2 . 15 . 4 . . . . 7 . 4 . . . . 20 . 6 . . . . 6 . 1 . 6 . . Scanalyzers 101 | . . . 7 . . . 11 . 6 . . . . 11 . 5 . . . . 15 . 14 . . . . 20 6 . . 6 . . Garrison Access 53 | . . . . 2 . . 2 . 2 . . . . 3 . 2 . . . 3 5 . 2 . . . . 21 3 4 . 4 . . Terminal Hacks 226 | . 8 . 4 5 1 17 14 . 1 2 8 32 . . . 4 1 . . 23 42 . 13 7 . 16 . 9 6 . 4 9 . . Record 50 | . . . . . . 17 . . . . 8 11 . . . . . . . . . . . 7 . 5 . . 1 . . 1 . . Part Schematic 20 | . . . . . . . . . . . . 11 . . . . . . . 3 1 . 1 . . 4 . . . . . . . . Robot Schematic 7 | . . . . . . . . . . . . 7 . . . . . . . . . . . . . . . . . . . . . . Robot Analysis 29 | . 6 . 1 1 . . 3 . . . . . . . . . . . . 3 9 . . . . 3 . 3 . . . . . . Prototype ID Bank 20 | . 1 . 2 . . . 2 . . . . 3 . . . 1 . . . 1 4 . . . . 4 . 1 1 . . . . . Open Door 5 | . . . . 2 . . . . . 2 . . . . . . . . . . . . . . . . . . 1 . . . . . Branch Access Points 5 | . . . . . . . 1 . 1 . . . . . . 1 . . . . . . 1 . . . . 1 . . . . . . Emergency Access Points 4 | . . . . . . . 1 . . . . . . . . . . . . 2 . . . . . . . . . . . 1 . . Terminal Index 9 | . . . . 1 1 . 1 . . . . . . . . 1 . . . 1 1 . 1 . . . . . 1 . . 1 . . Alert Level 6 | . . . 1 . . . 1 . . . . . . . . . . . . . 3 . . . . . . . . . 1 . . . Unreport Threat 22 | . 1 . . . . . 4 . . . . . . . . 1 1 . . 2 5 . 4 . . . . 1 1 . 2 . . . Locate Traps 4 | . . . . 1 . . 1 . . . . . . . . . . . . . 1 . . . . . . . . . . 1 . . Reprogram Traps 7 | . . . . . . . . . . . . . . . . . . . . 3 1 . 2 . . . . . . . . 1 . . Dispatch Records 1 | . . . . . . . . . . . . . . . . . . . . . 1 . . . . . . . . . . . . . Security Status 1 | . . . . . . . . . . . . . . . . . . . . . 1 . . . . . . . . . . . . . Reinforcement Status 1 | . . . . . . . . . . . . . . . . . . . . . 1 . . . . . . . . . . . . . Recall Investigation 8 | . . . . . . . . . . . . . . . . . . . . . 6 . 1 . . . . 1 . . . . . . Recall Extermination 3 | . . . . . . . . . . . . . . . . . . . . . 2 . . . . . . . . . 1 . . . Recall Reinforcements 5 | . . . . . . . . . . . . . . . . . . . . 2 2 . . . . . . 1 . . . . . . Recall Assault 1 | . . . . . . . . . . . . . . . . . . . . . . . 1 . . . . . . . . . . . Zone Layout 17 | . . . . . . . . . . . . . . . . . . . . 6 4 . 2 . . . . 1 1 . . 3 . . Proto ID Catalog 1 | . . . . . . . . . . . . . . . . . . . . . . . . . . . . . . . . 1 . . Fabricator Hacks 29 | . . . . . . . 4 . 1 . . . . 3 . 1 . . . . 5 . 3 . . . . 4 . 1 . 7 . . Network Status 5 | . . . . . . . 2 . . . . . . . . . . . . . 1 . 1 . . . . . . 1 . . . . Load Schematic 12 | . . . . . . . . . . . . . . 1 . 1 . . . . 2 . 1 . . . . 2 . . . 5 . . Build 12 | . . . . . . . 2 . 1 . . . . 2 . . . . . . 2 . 1 . . . . 2 . . . 2 . . Repair Station Hacks 62 | . 2 . . 4 . . 15 . 10 . . . . 4 . . . . . . 12 . 10 . . . . 4 1 . . . . . Scan Component 35 | . 1 . . 2 . . 8 . 6 . . . . 3 . . . . . . 7 . 5 . . . . 2 1 . . . . . Repair 27 | . 1 . . 2 . . 7 . 4 . . . . 1 . . . . . . 5 . 5 . . . . 2 . . . . . . Recycling Unit Hacks 3 | . . . . . . . 1 . . . . . . . . . . . . . 2 . . . . . . . . . . . . . Retrieve Components 3 | . . . . . . . 1 . . . . . . . . . . . . . 2 . . . . . . . . . . . . . Scanalyzer 73 | . . . 5 . . . 8 . 4 . . . . 9 . 3 . . . . 15 . 13 . . . . 13 3 . . . . . Insert Component 35 | . . . 3 . . . 4 . 2 . . . . 4 . 2 . . . . 6 . 5 . . . . 6 3 . . . . . Analyze 38 | . . . 2 . . . 4 . 2 . . . . 5 . 1 . . . . 9 . 8 . . . . 7 . . . . . . Garrison Access Hacks 11 | . . . . . . . 1 . 1 . . . . 2 . . . . . 1 3 . 2 . . . . . 1 . . . . . Seal Access 11 | . . . . . . . 1 . 1 . . . . 2 . . . . . 1 3 . 2 . . . . . 1 . . . . . Unauthorized Hacks 341 | . 9 . 23 12 9 . 44 . 13 . . . . 26 . 16 9 . . 18 53 . 33 . . . . 25 21 5 4 20 . 1 Terminals 220 | . 8 . 16 11 7 . 22 . 5 . . . . 15 . 7 9 . . 18 29 . 18 . . . . 13 19 3 4 15 . 1 Track 10 | . . . . . . . . . . . . . . . . . . . . . 4 . . . . . . . . . 1 5 . . Assimilate 16 | . . . 1 . . . 1 . . . . . . 3 . . . . . 2 1 . 1 . . . . 2 1 . 1 3 . . Botnet 94 | . 2 . 7 6 2 . 10 . 2 . . . . 6 . 5 4 . . 8 12 . 7 . . . . 6 7 2 1 6 . 1 Disrupt 2 | . . . . . . . . . . . . . . . . . . . . 1 1 . . . . . . . . . . . . . Operators 11 | . 1 . 1 1 . . . . . . . . . 1 . 1 . . . 1 1 . 1 . . . . . 1 1 . 1 . . Skim 87 | . 5 . 7 4 5 . 11 . 3 . . . . 5 . 1 5 . . 6 10 . 9 . . . . 5 10 . 1 . . . Fabricators 33 | . . . . . . . 8 . 3 . . . . 3 . 3 . . . . 9 . 4 . . . . . . 1 . 2 . . Report 3 | . . . . . . . 1 . 1 . . . . . . . . . . . 1 . . . . . . . . . . . . . Prioritize 5 | . . . . . . . 1 . . . . . . . . 1 . . . . 2 . 1 . . . . . . . . . . . Liberate 18 | . . . . . . . 5 . 1 . . . . 3 . 1 . . . . 5 . 3 . . . . . . . . . . . Haulers 5 | . . . . . . . 1 . 1 . . . . . . 1 . . . . 1 . . . . . . . . 1 . . . . Recompile 2 | . . . . . . . . . . . . . . . . . . . . . . . . . . . . . . . . 2 . . Repair Stations 16 | . . . 2 . . . 3 . 1 . . . . 2 . . . . . . 3 . 4 . . . . . 1 . . . . . Mechanics 2 | . . . . . . . . . . . . . . . . . . . . . 1 . 1 . . . . . . . . . . . Patch 14 | . . . 2 . . . 3 . 1 . . . . 2 . . . . . . 2 . 3 . . . . . 1 . . . . . Recycling Units 55 | . 1 . 3 1 2 . 10 . 4 . . . . 6 . 4 . . . . 12 . 6 . . . . 2 . 1 . 3 . . Reject 2 | . . . . . . . . . . . . . . . . . . . . . 2 . . . . . . . . . . . . . Recyclers 8 | . . . 1 . 1 . 1 . 1 . . . . 1 . . . . . . 1 . 1 . . . . 1 . . . . . . Mask 3 | . . . . . . . 1 . . . . . . . . . . . . . 2 . . . . . . . . . . . . . Tunnel 5 | . 1 . 2 1 1 . . . . . . . . . . . . . . . . . . . . . . . . . . . . . Fedlink 32 | . . . . . . . 8 . 3 . . . . 4 . 4 . . . . 7 . 3 . . . . 1 . 1 . 1 . . Scrapoids 3 | . . . . . . . . . . . . . . 1 . . . . . . . . 2 . . . . . . . . . . . Scraphulk 2 | . . . . . . . . . . . . . . . . . . . . . . . . . . . . . . . . 2 . . Scanalyzers 5 | . . . 2 . . . 1 . . . . . . . . . . . . . . . 1 . . . . . 1 . . . . . Researchers 1 | . . . . . . . . . . . . . . . . . . . . . . . . . . . . . 1 . . . . . Extract 4 | . . . 2 . . . 1 . . . . . . . . . . . . . . . 1 . . . . . . . . . . . Garrison Access 12 | . . . . . . . . . . . . . . . . 2 . . . . . . . . . . . 10 . . . . . . Broadcast 2 | . . . . . . . . . . . . . . . . . . . . . . . . . . . . 2 . . . . . . Redirect 2 | . . . . . . . . . . . . . . . . . . . . . . . . . . . . 2 . . . . . . Reprogram 2 | . . . . . . . . . . . . . . . . . . . . . . . . . . . . 2 . . . . . . Intercept 3 | . . . . . . . . . . . . . . . . 1 . . . . . . . . . . . 2 . . . . . . Watchers 3 | . . . . . . . . . . . . . . . . 1 . . . . . . . . . . . 2 . . . . . . Data Cores Recovered 7 | . 1 . . . . . . . 2 . . . . 1 . . . . . 1 . . . . . . . . 1 . . 1 . . Used 3 | . . . . . . . . . 2 . . . . . . . . . . 1 . . . . . . . . . . . . . . Hacking Detections 213 | . 9 . 11 8 6 . 25 . 13 . 1 . . 22 . 12 7 . . 11 20 . 15 1 . . . 10 14 4 5 16 1 2 Full Trace Events 28 | . 1 . . . 1 . 4 . 3 . . . . 4 . 2 . . . . 2 . 3 1 . . . 4 . . . 2 . 1 Feedback Events 2 | . . . . . . . . . 2 . . . . . . . . . . . . . . . . . . . . . . . . . Corruption 1 | . . . . . . . . . 1 . . . . . . . . . . . . . . . . . . . . . . . . . Hackware Fried 1 | . . . . . . . . . 1 . . . . . . . . . . . . . . . . . . . . . . . . . Feedback Blocked . | . . . . . . . . . . . . . . . . . . . . . . . . . . . . . . . . . . . Robot Schematics Acquired 12 | . . . . . . . . . . . . 7 . . . . . . . . . . . . . . . . . . 1 4 . . Robots Built 2 | . . . . . . . 2 . . . . . . . . . . . . . . . . . . . . . . . . . . . Authchips . | . . . . . . . . . . . . . . . . . . . . . . . . . . . . . . . . . . . Time 152 | . . . . . . . 76 . 76 . . . . . . . . . . . . . . . . . . . . . . . . . Total Robot Build Rating 10 | . . . . . . . 10 . . . . . . . . . . . . . . . . . . . . . . . . . . . Part Schematics Acquired 85 | . . . 5 . . . 15 . 2 . . 11 . 4 . 1 . . . 3 7 . 15 . . 4 . 3 . . 3 12 . . Parts Built 15 | . . . . . . . 2 . . . . . . 1 . . . . . . 3 . 2 . . . . 3 . . . 4 . . Authchips 2 | . . . . . . . . . . . . . . . . . . . . . . . . . . . . . . . . 2 . . Time 557 | . . . . . . . 117 . . . . . . 100 . . . . . . 127 . 47 . . . . 81 . . . 85 . . Total Part Build Rating 101 | . . . . . . . 14 . . . . . . 5 . . . . . . 18 . 10 . . . . 22 . . . 32 . . Parts Repaired 25 | . 1 . . 2 . . 7 . 4 . . . . 1 . . . . . . 4 . 4 . . . . 2 . . . . . . Time 1106 | . 13 . . 52 . . 266 . 224 . . . . 28 . . . . . . 171 . 243 . . . . 109 . . . . . . Parts Recycled . | . . . . . . . . . . . . . . . . . . . . . . . . . . . . . . . . . . . Recycled Matter . | . . . . . . . . . . . . . . . . . . . . . . . . . . . . . . . . . . . Retrieved Matter . | . . . . . . . . . . . . . . . . . . . . . . . . . . . . . . . . . . . Retrieved Components 13 | . . . . . . . 9 . . . . . . . . . . . . . 4 . . . . . . . . . . . . . Parts Scanalyzed 26 | . . . 2 . . . 4 . 2 . . . . 4 . 1 . . . . 6 . 4 . . . . 3 . . . . . . Part Schematics Acquired 25 | . . . 2 . . . 3 . 2 . . . . 4 . 1 . . . . 6 . 4 . . . . 3 . . . . . . Parts Damaged 6 | . . . . . . . 1 . . . . . . 1 . 1 . . . . 1 . 1 . . . . 1 . . . . . . Bothacking | -11 -10 -10 -9 -9 -9 -9 -6 -6 -6 -6 -6 -6 -5 -5 -5 -5 -5 -5 -5 -5 -4 -4 -4 -4 -4 -4 -3 -3 -3 -2 -2 -2 -1 -1 ------------ Run | Yrd Mat Min Mat Sto Rec Scr Fac Was Fac Low Low Dat Pro Fac Was Fac Ext Cet Arc Hub Fac Was Fac Upp Upp Zhi Pro Res Qua Res Tes Frg Acc Com Used RIF Installer . | . . . . . . . . . . . . . . . . . . . . . . . . . . . . . . . . . . . Robots Hacked 1 | . . . . . . . . . . . . . . . . . . . . . 1 . . . . . . . . . . . . . Non-combat 1 | . . . . . . . . . . . . . . . . . . . . . 1 . . . . . . . . . . . . . Combat . | . . . . . . . . . . . . . . . . . . . . . . . . . . . . . . . . . . . Robot Hacks Applied 1 | . . . . . . . . . . . . . . . . . . . . . 1 . . . . . . . . . . . . . find_chute 1 | . . . . . . . . . . . . . . . . . . . . . 1 . . . . . . . . . . . . . Relay Couplers Released 10 | . . . . . . . . . 3 . . . . . . 2 . . . . . . 1 . . . . 2 . . . 2 . . Machine Destruction 10 | . . . . . . . . . 3 . . . . . . 2 . . . . . . 1 . . . . 2 . . . 2 . . Fabnet Peak Effective % . | . . . . . . . . . . . . . . . . . . . . . . . . . . . . . . . . . . . Robots Rewired 8 | . . . . . . . . . . . . . . . . . 8 . . . . . . . . . . . . . . . . . Allies Hacked 5 | . . . . . . . . . 1 . . . . 3 . . . . . 1 . . . . . . . . . . . . . . Hacks Repelled . | . . . . . . . . . . . . . . . . . . . . . . . . . . . . . . . . . . . Allies | -11 -10 -10 -9 -9 -9 -9 -6 -6 -6 -6 -6 -6 -5 -5 -5 -5 -5 -5 -5 -5 -4 -4 -4 -4 -4 -4 -3 -3 -3 -2 -2 -2 -1 -1 -------- Run | Yrd Mat Min Mat Sto Rec Scr Fac Was Fac Low Low Dat Pro Fac Was Fac Ext Cet Arc Hub Fac Was Fac Upp Upp Zhi Pro Res Qua Res Tes Frg Acc Com Total Allies 122 | . . 1 . . . 1 12 19 . . 2 . 1 7 20 . 19 5 . 1 12 . 11 . . . . 7 . . . 4 . . Largest Group 19 | . . 1 . . . 1 4 19 19 . 2 . 1 5 19 19 14 13 10 7 3 . 5 . . . . 6 2 . . 3 . . Highest-Rated Group 702 | . . 31 . . . 68 160 684 684 . 62 . 96 238 702 702 524 654 654 395 164 . 241 . . . . 240 49 . . 304 . . Highest-Rated Ally 159 | . . 31 . . . 68 68 50 50 . 31 . 96 96 50 50 159 159 143 96 56 . 50 . . . . 47 26 . . 139 . . Total Orders 45 | . . . . . . 1 4 . . . . . . 5 3 . 1 . 2 4 2 . . . . . . 14 4 . . 5 . . STAY 20 | . . . . . . 1 2 . . . . . . . . . 1 . 1 3 1 . . . . . . 7 2 . . 2 . . FOLLOW 16 | . . . . . . . 2 . . . . . . . . . . . 1 1 1 . . . . . . 7 2 . . 2 . . AID 1 | . . . . . . . . . . . . . . . . . . . . . . . . . . . . . . . . 1 . . EXPLORE 7 | . . . . . . . . . . . . . . 4 3 . . . . . . . . . . . . . . . . . . . RETURN 1 | . . . . . . . . . . . . . . 1 . . . . . . . . . . . . . . . . . . . . Ally Attacks 1126 | . . 5 . . . . 217 . 193 . 14 . 13 29 7 138 75 41 34 71 79 . 145 . . . . 26 . . . 39 . . Total Damage 26109 | . . 105 . . . . 3727 . 4317 . 190 . 423 835 147 3334 1876 763 1072 2198 2208 . 2792 . . . . 623 . . . 1499 . . Kills 174 | . . 3 . . . . 38 . 33 . . . 3 5 . 24 14 5 3 14 11 . 13 . . . . 2 . . . 6 . . Allies Corrupted 6 | . . . . . . . . . 2 . . . . . . 2 . . . . 2 . . . . . . . . . . . . . Allies Melted 7 | . . . . . . . 1 . 1 . . . . . . 1 . . . . . . . . . . . . . . . 4 . . Intel | -11 -10 -10 -9 -9 -9 -9 -6 -6 -6 -6 -6 -6 -5 -5 -5 -5 -5 -5 -5 -5 -4 -4 -4 -4 -4 -4 -3 -3 -3 -2 -2 -2 -1 -1 ------- Run | Yrd Mat Min Mat Sto Rec Scr Fac Was Fac Low Low Dat Pro Fac Was Fac Ext Cet Arc Hub Fac Was Fac Upp Upp Zhi Pro Res Qua Res Tes Frg Acc Com Active Infowar (turns) 14864 | 92 12 . 75 . . . . . . . . . . 1034 . . . . . . . . . 48 186 156 88 1558 1311 658 589 7809 243 1005 Optics 13651 | . . . . . . . . . . . . . . . . . . . . . . . . 48 186 156 88 1558 1311 658 589 7809 243 1005 Terrain 434 | 92 12 . . . . . . . . . . . . . . . . . . . . . . . . . . 330 . . . . . . Decoding 1034 | . . . . . . . . . . . . . . 1034 . . . . . . . . . . . . . . . . . . . . Machine Analysis 673 | . . . 75 . . . . . . . . . . . . . . . . . . . . . . . . . . . . . . 598 Cloaking 2 | . . . . . . . . . . . . . . . . . . . . . . . . . . . . . . . . 1 . 1 Jamming 2 | . . . . . . . . . . . . . . . . . . . . . . . . . . . . . . . . 2 . . ECM 52 | . . . . . . . . . . . . . . . . . . . . . . . . . . . . . . . . 1 51 . Robot Analysis Total 29 | . 6 . 1 1 . . 3 . . . . . . . . . . . . 3 9 . . . . 3 . 3 . . . . . . Derelict Logs Recovered 5 | . . . . . . . . . . 1 3 . 1 . . . . . . . . . . . . . . . . . . . . . Drone Launches 16 | . . . . . . . . . . . . . . 14 2 . . . . . . . . . . . . . . . . . . . Drone Recoveries 11 | . . . . . . . . . . . . . . 10 1 . . . . . . . . . . . . . . . . . . . Decoded 0b10 Intel 29 | . . . . . . . . . . . . . . 29 . . . . . . . . . . . . . . . . . . . . Patrols 9 | . . . . . . . . . . . . . . 9 . . . . . . . . . . . . . . . . . . . . Investigations 3 | . . . . . . . . . . . . . . 3 . . . . . . . . . . . . . . . . . . . . Guards 17 | . . . . . . . . . . . . . . 17 . . . . . . . . . . . . . . . . . . . . Exploration | -11 -10 -10 -9 -9 -9 -9 -6 -6 -6 -6 -6 -6 -5 -5 -5 -5 -5 -5 -5 -5 -4 -4 -4 -4 -4 -4 -3 -3 -3 -2 -2 -2 -1 -1 ------------- Run | Yrd Mat Min Mat Sto Rec Scr Fac Was Fac Low Low Dat Pro Fac Was Fac Ext Cet Arc Hub Fac Was Fac Upp Upp Zhi Pro Res Qua Res Tes Frg Acc Com Turns Passed 42854 | 151 1908 148 3560 1526 1128 2571 3217 371 1582 702 649 42 700 2513 290 747 1196 270 546 890 2391 46 1908 171 186 156 88 1558 1311 658 593 7809 243 1029 Spaces Moved 52941 | 56 956 51 1948 789 663 1541 4126 478 2318 1119 884 79 1123 3378 298 1047 1164 165 540 1354 4335 109 3263 347 486 276 229 2594 2103 977 769 11788 427 1161 Core 442 | 2 . 7 . . . . . . . . . . . 433 . . . . . . . . . . . . . . . . . . . . Treads 5782 | 54 956 9 1732 789 663 1541 38 . . . . . . . . . . . . . . . . . . . . . . . . . . . Legs . | . . . . . . . . . . . . . . . . . . . . . . . . . . . . . . . . . . . Wheels 931 | . . 35 216 . . . 668 . . . . . . 12 . . . . . . . . . . . . . . . . . . . . Hover 45786 | . . . . . . . 3420 478 2318 1119 884 79 1123 2933 298 1047 1164 165 540 1354 4335 109 3263 347 486 276 229 2594 2103 977 769 11788 427 1161 Flight . | . . . . . . . . . . . . . . . . . . . . . . . . . . . . . . . . . . . Fastest Speed 15 | 50 160 90 90 160 160 160 40 48 43 53 53 53 53 43 42 44 44 45 45 40 36 36 31 34 34 34 34 24 43 23 24 15 30 27 Average Speed 54 | 156 160 160 153 161 160 161 55 48 49 53 53 53 53 49 44 45 49 47 45 46 41 36 38 38 34 34 34 42 49 40 38 25 35 34 Slowest Speed 450 | 160 160 450 240 240 160 240 240 48 53 53 53 53 53 150 113 113 108 53 45 115 117 36 105 41 34 34 34 52 50 100 47 104 38 100 Overloaded Moves 901 | . . . . . . . . . . . . . . . . . . . . . . . . . . . . 15 32 140 . 379 . 335 Propulsion Burnouts . | . . . . . . . . . . . . . . . . . . . . . . . . . . . . . . . . . . . Robots Hopped . | . . . . . . . . . . . . . . . . . . . . . . . . . . . . . . . . . . . Potential Cave-ins 17 | . . . . . . . . . . . . . . . . . . . . . . . . . . . . . . 4 . 8 . 5 Cave-ins Triggered 1 | . . . . . . . . . . . . . . . . . . . . . . . . . . . . . . . . . . 1 Teleports 28 | . . . . . . . . . . . . . . . . . . . . . . . . . . . . . 3 1 . 24 . . Exploration Rate (%) 67 | 5 98 11 96 91 86 81 82 96 48 96 65 68 90 68 95 29 90 66 88 84 79 75 47 51 67 61 52 53 94 21 65 92 13 49 Regions Visited 34 Branch Regions 20 Pre-discovered Areas 22 | . 2 . 3 1 4 . 1 . . . . 1 . . . . 2 . . . 3 . . 1 . 3 . . 1 . . . . . Known Exits Taken 18 | . . 1 1 1 1 . . . 1 1 . . 1 . . 1 . . 1 1 . . 1 1 1 . 1 1 . 1 1 1 . . Unknown Exits Taken 10 | 1 1 . . . . 1 . . . . 1 1 . . . . 1 1 . . . . . . . 1 . . 1 . . . 1 . Scrap Searched 27 | . . . . . . 9 . . . 4 4 . 3 . . . . . . . . . . 3 3 . 1 . . . . . . . Spaces Dug 390 | . . . . . . . 11 . . 22 . . 28 36 . . 1 . . 5 22 . 22 . 42 . . 5 4 30 125 9 . 28 Terrain Destroyed 1922 | . 8 33 1 7 1 . 56 77 55 40 35 . 46 157 19 59 18 5 4 28 139 . 181 . 108 . 3 36 34 40 132 291 89 220 Melee 46 | . . . . . . . . . . . . . . 24 . . . . . . . . . . . . . . . 9 3 6 . 4 Projectile 844 | . 8 3 1 7 1 . 9 2 9 . 3 . . 71 19 33 18 5 4 28 79 . 117 . . . 3 27 13 30 2 181 8 163 AOE 1027 | . . 30 . . . . 47 75 46 40 32 . 46 60 . 26 . . . . 60 . 64 . 108 . . 9 21 . 127 103 81 52 Terrain Rammed . | . . . . . . . . . . . . . . . . . . . . . . . . . . . . . . . . . . . Walls Destroyed . | . . . . . . . . . . . . . . . . . . . . . . . . . . . . . . . . . . . Machines Disabled . | . . . . . . . . . . . . . . . . . . . . . . . . . . . . . . . . . . . Actions | -11 -10 -10 -9 -9 -9 -9 -6 -6 -6 -6 -6 -6 -5 -5 -5 -5 -5 -5 -5 -5 -4 -4 -4 -4 -4 -4 -3 -3 -3 -2 -2 -2 -1 -1 --------- Run | Yrd Mat Min Mat Sto Rec Scr Fac Was Fac Low Low Dat Pro Fac Was Fac Ext Cet Arc Hub Fac Was Fac Upp Upp Zhi Pro Res Qua Res Tes Frg Acc Com Total 62156 | 83 1137 84 2198 945 684 1628 4731 564 2544 1206 1005 78 1199 3923 400 1221 1682 321 719 1542 4774 116 3708 373 500 331 235 2956 2269 1148 1035 14831 492 1494 Wait 3931 | . 46 4 43 66 . 35 276 40 82 49 67 . 46 197 50 64 379 122 84 112 185 . 88 1 2 . 4 161 23 37 174 1442 16 36 Move 52909 | 55 955 50 1947 788 662 1540 4126 477 2317 1118 883 78 1122 3378 297 1046 1163 164 539 1353 4335 108 3262 346 485 275 228 2593 2102 976 768 11787 426 1160 Hop . | . . . . . . . . . . . . . . . . . . . . . . . . . . . . . . . . . . . Pick Up 540 | 2 14 1 18 11 . 17 44 3 14 6 4 . 3 43 5 13 7 7 8 10 40 3 40 . 3 7 . 26 23 10 11 116 5 26 Fast Attach 363 | 7 4 2 17 4 1 2 18 . 10 3 2 . 2 31 2 5 2 . 2 2 13 . 35 5 . 9 . 14 11 6 19 102 4 29 Attach 276 | . 2 5 3 1 . 3 15 . 6 4 . . 1 20 . 4 7 4 . 4 21 2 28 . 2 4 . 7 10 13 4 70 8 28 Detach 180 | . 3 2 4 2 . . 11 . . 3 1 . . 8 1 3 3 . . 2 4 . 18 1 . 7 . 7 5 9 7 57 5 17 Swap 669 | 1 4 3 15 12 . 5 42 7 23 7 7 . 5 30 15 9 12 6 4 15 41 . 47 9 . 3 . 40 17 12 10 218 11 39 Drop 676 | . 9 . 23 16 . 26 44 6 12 4 5 . 5 43 9 13 4 3 8 9 37 3 54 6 2 15 . 45 25 8 24 194 5 19 Fire 2256 | 18 100 17 128 45 20 . 155 31 80 12 36 . 15 106 21 39 47 15 74 32 98 . 136 . 6 11 3 63 53 49 2 704 8 132 Melee 148 | . . . . . . . . . . . . . . 58 . . . . . . . . . 5 . . . . . 9 16 51 4 5 Ram 6 | . . . . . . . . . . . . . . 3 . . . . . . . . . . . . . . . 2 . . . 1 Kick . | . . . . . . . . . . . . . . . . . . . . . . . . . . . . . . . . . . . Crush 1 | . . . . . 1 . . . . . . . . . . . . . . . . . . . . . . . . . . . . . Escape Stasis 102 | . . . . . . . . . . . . . . . . 25 . . . . . . . . . . . . . . . 75 . 2 Rewire 78 | . . . . . . . . . . . . . . . . . 58 . . . . . . . . . . . . 17 . 3 . . Trap . | . . . . . . . . . . . . . . . . . . . . . . . . . . . . . . . . . . . Miscellaneous 21 | . . . . . . . . . . . . . . 6 . . . . . 3 . . . . . . . . . . . 12 . . Route ------- -11/Scrapyard -10/Materials (discovered 5 exits: *Mat x3 / [*Min] / *Sub) -10/Mines (discovered 3 exits: *Mat x2 / Sub) -9/Materials (discovered 5 exits: *Mat x3 / [*Min] / *Sto) -9/Storage (discovered 2 exits: *Mat / *Rec) -9/Recycling (discovered 2 exits: Fac / *Scr) -9/Scraptown (discovered 2 exits: *Fac x2) -6/Factory (discovered 6 exits: *Fac x4 / *Low x2) -6/Waste -6/Factory (discovered 4 exits: *Fac x2 / *Low x2) -6/Lower Caves -6/Lower Caves -6/Data Miner -5/Proximity Caves -5/Factory (discovered 5 exits: *Fac x2 / Upp x2 / *Ext) -5/Waste -5/Factory (discovered 5 exits: *Fac / Upp x2 / *Ext x2) -5/Extension (discovered 3 exits: *Fac x2 / *Cet) -5/Cetus (discovered 2 exits: *Fac / [*Arc]) -5/Archives (discovered 3 exits: *Fac / *Hub x2) -5/Hub_04(d) (discovered 4 exits: *Fac x4) -4/Factory (discovered 7 exits: *Res x4 / *Upp x2 / Arm) -4/Waste -4/Factory (discovered 6 exits: Res x3 / *Upp x2 / Arm) -4/Upper Caves -4/Upper Caves (discovered 2 exits: Res / *Zhi) -4/Zhirov -3/Proximity Caves -3/Research (discovered 3 exits: *Res / *Qua x2) -3/Quarantine -2/Research (discovered 3 exits: Acc / *Tes x2) -2/Testing (discovered 3 exits: Acc / *Sec / *Frg) -2/Protoforge -1/Access -1/Command To Fleet Rendezvous History --------- Turn | Location | Event 65 | -11/Scrapyard | Discovered new exit (range 14) 152 | -11/Scrapyard | Entered Materials 311 | -10/Materials | Build established: Mutant 670 | -10/Materials | Discovered new exit (range 5) 987 | -10/Materials | Discovered new exit (range 13) 1088 | -10/Materials | Repaired Lgt. Treads 1117 | -10/Materials | Learned Storage emergency access door positions 1155 | -10/Materials | Learned location of 2 exits from Mines 1177 | -10/Materials | Central database locked down 1184 | -10/Materials | Identified exit to Materials 1204 | -10/Materials | Learned location of Storage (-9) 1213 | -10/Materials | Learned Storage trap positions 1232 | -10/Materials | Learned location of 1 exit from Storage 1261 | -10/Materials | Learned Storage emergency access door positions 1283 | -10/Materials | Discovered new exit (range 16) 1502 | -10/Materials | Discovered new exit (range 11) 2060 | -10/Materials | Entered Mines 2061 | -10/Mines | Met a Derelict testing a Signal Generator 2061 | -10/Mines | Assembled infested the area 2061 | -10/Mines | Identified exit to Subcaves 2114 | -10/Mines | Core integrity fell below 50% 2126 | -10/Mines | Core integrity fell below 20% 2147 | -10/Mines | Destroyed 15 combat bots 2156 | -10/Mines | Lost 7 parts (1p2n1u3w) 2186 | -10/Mines | Discovered exit to Materials (range 6) 2208 | -10/Mines | Entered Materials 2208 | -9/Materials | Evolved 2 slots: Weapon x2 2795 | -9/Materials | Build established: Scavenger-Tank 3016 | -9/Materials | Discovered new exit (range 15) 3108 | -9/Materials | Build established: Tank 3728 | -9/Materials | Discovered new exit (range 15) 4012 | -9/Materials | Discovered new exit (range 9) 4046 | -9/Materials | Central database locked down 4077 | -9/Materials | Build established: Gunner 4099 | -9/Materials | Identified exit to Materials 4175 | -9/Materials | Learned location of Zion (-7) 4241 | -9/Materials | Identified exit to Storage 4295 | -9/Materials | Loaded intel: 12 terminal locations 4389 | -9/Materials | Learned location of 3 exits from Materials 4599 | -9/Materials | Build established: Tank 5768 | -9/Materials | Entered Storage 5770 | -9/Storage | Identified exit to Recycling 5771 | -9/Storage | Loaded intel: 15 trap records 5853 | -9/Storage | Met 01-MTF 6111 | -9/Storage | Build established: Gunner 6287 | -9/Storage | Repaired Lgt. Cannon 6314 | -9/Storage | Repaired Lgt. Treads 6933 | -9/Storage | Used back door to open Recycling access 7294 | -9/Storage | Entered Recycling 8075 | -9/Recycling | Identified exit to Scraptown 8133 | -9/Recycling | Learned location of 2 exits from Materials 8221 | -9/Recycling | Learned location of Mines (-9) 8248 | -9/Recycling | Learned 2 Materials zone layouts 8264 | -9/Recycling | Learned location of 2 exits from Materials 8270 | -9/Recycling | Identified exit to Factory 8286 | -9/Recycling | Learned Storage trap positions 8380 | -9/Recycling | Scanned before Scraplab entrance 8404 | -9/Recycling | Entered Scraplab 8422 | -9/Recycling | Entered Scraptown 8422 | -9/Scraptown | System corruption cleaned by C-Scrubber 8658 | -9/Scraptown | Discovered new exit (range 11) 8803 | -9/Scraptown | Visited Awakened 8814 | -9/Scraptown | Visited Bundlers 9009 | -9/Scraptown | Visited UFD Registry 9009 | -9/Scraptown | Registered with UFD as "Fissionmech" 9022 | -9/Scraptown | Visited Scrapoid Research Area 9065 | -9/Scraptown | Visited The Evicted 9098 | -9/Scraptown | Visited IN-MT5's Study 9420 | -9/Scraptown | Visited Botcube Research 9623 | -9/Scraptown | Visited DA-N13 Charitable Foundation 9629 | -9/Scraptown | Found DCF Scrap (31 items) 9756 | -9/Scraptown | Visited Supply Room 9817 | -9/Scraptown | Visited Junk Repository 9876 | -9/Scraptown | Visited Abandonware Association 9894 | -9/Scraptown | Learned abandonware demo "REBOOT5.EXE" 9978 | -9/Scraptown | Found Botcube 10493 | -9/Scraptown | Visited Scrap Suit Storage 10500 | -9/Scraptown | Found Scrap Suit 10591 | -9/Scraptown | Botcube activated 10613 | -9/Scraptown | Botcube completed mutation into treaded form, armed with 2 cannons. 10750 | -9/Scraptown | Discovered new exit (range 3) 10902 | -9/Scraptown | Met Optimus 10902 | -9/Scraptown | Accepted into 0bPrime 10993 | -9/Scraptown | Entered Factory 10993 | -6/Factory | Accompanied by 1 ally 10993 | -6/Factory | Evolved 6 slots: Propulsion x4, Utility x2 11390 | -6/Factory | Build established: Scavenger-Gunner 11938 | -6/Factory | Identified exit to Lower Caves 12024 | -6/Factory | Fabricated H-66 Slayer (x2) 12128 | -6/Factory | Repaired Broken Recoil Stabilizer 12185 | -6/Factory | Build established: Hacker-Gunner 12236 | -6/Factory | Discovered new exit (range 15) 12454 | -6/Factory | Central database locked down 12486 | -6/Factory | Discovered new exit (range 5) 12516 | -6/Factory | Identified exit to Factory 12534 | -6/Factory | Learned location of 2 exits from Upper Caves 12542 | -6/Factory | Learned location of 1 exit from Hub_04(d) 12544 | -6/Factory | Learned location of 2 exits from Archives 12545 | -6/Factory | Learned Factory stockpile data 12545 | -6/Factory | Repaired Gravmag System? 12552 | -6/Factory | Learned location of 1 exit from Hub_04(d) 12597 | -6/Factory | Loaded intel: 8 recycling unit locations 12616 | -6/Factory | Repaired Gravmag Array? 12672 | -6/Factory | Repaired Imp. Light Cannon 12706 | -6/Factory | Repaired Imp. Light Cannon 12739 | -6/Factory | Repaired Imp. Light Cannon 12791 | -6/Factory | Repaired Gravmag Array 12822 | -6/Factory | Spotted B-75 Beast 12934 | -6/Factory | Learned location of Protoforge (-2) 13093 | -6/Factory | First assault squad dispatched 13366 | -6/Factory | Fabricated Imp. Linear Gravjet (x2) 14210 | -6/Factory | Manually triggered Chute Trap 14210 | -6/Factory | Sucked down chute 14210 | -6/Factory | Entered Waste 14211 | -6/Waste | Identified exit to Factory 14222 | -6/Waste | Spotted C-40 Crusher 14236 | -6/Waste | Spotted C-40 Crusher 14237 | -6/Waste | Destroyed C-40 Crusher 14242 | -6/Waste | Spotted C-40 Crusher 14255 | -6/Waste | Destroyed C-40 Crusher 14260 | -6/Waste | Spotted C-40 Crusher 14269 | -6/Waste | Spotted C-40 Crusher 14285 | -6/Waste | Destroyed C-40 Crusher 14314 | -6/Waste | Destroyed C-40 Crusher 14321 | -6/Waste | Spotted C-40 Crusher 14352 | -6/Waste | Destroyed C-40 Crusher 14355 | -6/Waste | Destroyed C-40 Crusher 14443 | -6/Waste | Warlord forces began an assault 14581 | -6/Waste | Entered Factory 14581 | -6/Factory | Accompanied by 19 allies 14592 | -6/Factory | System Shield fried by hacking feedback 14725 | -6/Factory | Repaired Cmb. Airjet 14825 | -6/Factory | Repaired Adv. KE Penetrator 14885 | -6/Factory | Repaired Gravmag Array 14993 | -6/Factory | Lost 5 allies 15034 | -6/Factory | Loaded intel: 8 recycling unit locations 15070 | -6/Factory | Core integrity fell below 50% 15271 | -6/Factory | Discovered exit to Factory (range 15) 15327 | -6/Factory | Garrison activated, responded to threat 15387 | -6/Factory | Lost 4 allies 15484 | -6/Factory | Repaired Gravmag Array 15576 | -6/Factory | Cargo convoy interrupted 15631 | -6/Factory | First assault squad dispatched 15660 | -6/Factory | Spotted B-75 Beast 15735 | -6/Factory | Discovered exit to Factory (range 13) 16030 | -6/Factory | High security lockdown imminent 16110 | -6/Factory | High security lockdown engaged 16150 | -6/Factory | Core integrity fell below 20% 16163 | -6/Factory | Entered Lower Caves 16275 | -6/Lower Caves | Identified exit to Lower Caves 16318 | -6/Lower Caves | Encountered a Warlord checkpoint 16486 | -6/Lower Caves | Build established: Gunner 16521 | -6/Lower Caves | Attracted the attention of an 0b10 checkpoint 16551 | -6/Lower Caves | Attacked by a delusional Derelict stockpiling parts 16865 | -6/Lower Caves | Entered another Lower Caves area 17026 | -6/Lower Caves | Learned Factory interactive machine intel 17034 | -6/Lower Caves | Discovered new exit (range 9) 17125 | -6/Lower Caves | A Commander dispatched an escort 17132 | -6/Lower Caves | Learned location of 1 exit from Factory 17132 | -6/Lower Caves | Learned Armory trap positions 17132 | -6/Lower Caves | Learned Extension terminal intel 17172 | -6/Lower Caves | Attracted the attention of an 0b10 checkpoint 17446 | -6/Lower Caves | Attracted the attention of an 0b10 base 17482 | -6/Lower Caves | Learned Armory stockpile data 17514 | -6/Lower Caves | Entered Data Miner 17514 | -6/Data Miner | Discovered new exit (range 6) 17525 | -6/Data Miner | Met Data Miner 17535 | -6/Data Miner | Learned location of Section 7 (-2) 17535 | -6/Data Miner | Acquired the access code to Warlord's prototype stash 17543 | -6/Data Miner | Received God Mode back door access code from Data Miner 17556 | -6/Data Miner | Entered Proximity Caves 17611 | -5/Proximity Caves | Escorted by Enhanced Grunt 17731 | -5/Proximity Caves | Spotted B-75 Beast 18179 | -5/Proximity Caves | Discovered exit to Factory (range 9) 18256 | -5/Proximity Caves | Entered Factory 18256 | -5/Factory | Accompanied by 1 ally 18256 | -5/Factory | Evolved 2 slots: Utility x2 18257 | -5/Factory | Identified exit to Upper Caves 18258 | -5/Factory | Identified exit to Factory 18259 | -5/Factory | Loaded intel: 55 interactive machine locations 18379 | -5/Factory | Loaded intel: 8 recycling unit locations 18398 | -5/Factory | Incoming investigation squad redirected 18808 | -5/Factory | Build established: Hacker-Gunner 19156 | -5/Factory | First assault squad dispatched 19178 | -5/Factory | Incoming assault squad redirected 19216 | -5/Factory | Discovered exit to Factory (range 11) 19273 | -5/Factory | Lost 6 parts (3n1u2w) 19402 | -5/Factory | Discovered new exit (range 15) 19540 | -5/Factory | Lost 4 parts (3n1w) 19588 | -5/Factory | Spotted B-75 Beast 19627 | -5/Factory | Learned Extension trap positions 19658 | -5/Factory | Learned 2 Upper Caves zone layouts 19659 | -5/Factory | Incoming assault squad redirected 19665 | -5/Factory | Scrapoids reinforcements arrived? 19672 | -5/Factory | Incoming investigation squad redirected 19680 | -5/Factory | Learned 2 Upper Caves zone layouts 19692 | -5/Factory | Learned 2 Armory zone layouts 19695 | -5/Factory | Learned location of 1 exit from Proximity Caves 19696 | -5/Factory | Learned Armory garrison access intel 19702 | -5/Factory | Learned location of 2 exits from Upper Caves 19706 | -5/Factory | Core integrity fell below 50% 19719 | -5/Factory | Learned 8 Research zone layouts 19751 | -5/Factory | Incoming investigation squad redirected 19757 | -5/Factory | Build established: Mutant 19771 | -5/Factory | Fabricated Gravmag Array (x1) 19779 | -5/Factory | Incoming assault squad redirected 19811 | -5/Factory | Incoming investigation squad redirected 19984 | -5/Factory | Incoming assault squad redirected 20056 | -5/Factory | Search patrols dispatched 20290 | -5/Factory | Build established: Gunner 20356 | -5/Factory | Search patrols dispatched 20360 | -5/Factory | Incoming assault squad redirected 20394 | -5/Factory | Repaired Enh. Gauss Cannon 20656 | -5/Factory | Search patrols dispatched 20769 | -5/Factory | Sucked down chute 20769 | -5/Factory | Entered Waste 20770 | -5/Waste | Met a frightened Derelict 20773 | -5/Waste | Spotted C-40 Crusher 20783 | -5/Waste | Spotted C-40 Crusher 20807 | -5/Waste | Destroyed C-40 Crusher 20809 | -5/Waste | Spotted C-40 Crusher 20827 | -5/Waste | Destroyed C-40 Crusher 20841 | -5/Waste | Spotted C-40 Crusher 20852 | -5/Waste | Destroyed C-40 Crusher 20868 | -5/Waste | Destroyed C-40 Crusher 20877 | -5/Waste | Spotted C-40 Crusher 20884 | -5/Waste | Spotted C-40 Crusher 20891 | -5/Waste | Destroyed C-40 Crusher 20918 | -5/Waste | Destroyed C-40 Crusher 20934 | -5/Waste | Warlord forces began an assault 21001 | -5/Waste | Discovered new exit (range 15) 21059 | -5/Waste | Entered Factory 21059 | -5/Factory | Accompanied by 19 allies 21139 | -5/Factory | Loaded intel: 8 recycling unit locations 21152 | -5/Factory | Garrison activated, responded to threat 21171 | -5/Factory | Incoming assault squad redirected 21227 | -5/Factory | Build established: Scavenger-Gunner 21275 | -5/Factory | Spotted B-75 Beast 21281 | -5/Factory | Allies destroyed B-75 Beast 21350 | -5/Factory | Identified exit to Extension 21355 | -5/Factory | Incoming investigation squad redirected 21359 | -5/Factory | First assault squad dispatched 21360 | -5/Factory | Core integrity fell below 20% 21388 | -5/Factory | Incoming assault squad redirected 21409 | -5/Factory | Lost 8 allies 21482 | -5/Factory | Lost 4 allies 21576 | -5/Factory | Garrison activated, responded to threat 21674 | -5/Factory | Assembled infested ambush trap array 21694 | -5/Factory | Incoming assault squad redirected 21699 | -5/Factory | Incoming investigation squad redirected 21744 | -5/Factory | Incoming assault squad redirected 21745 | -5/Factory | Incoming investigation squad redirected 21766 | -5/Factory | Discovered exit to Factory (range 16) 21806 | -5/Factory | Entered Extension 21807 | -5/Extension | Loaded intel: 10 trap records 21808 | -5/Extension | Loaded intel: 19 terminal locations 21838 | -5/Extension | Build established: Hacker-Gunner 22043 | -5/Extension | Rescued a captive Derelict 22043 | -5/Extension | Rescued a captive Derelict 22089 | -5/Extension | Rescued A7 22106 | -5/Extension | First assault squad dispatched 22166 | -5/Extension | Rescued a captive Derelict 22211 | -5/Extension | Build established: Scavenger-Gunner 22218 | -5/Extension | Incoming assault squad redirected 22236 | -5/Extension | Spotted B-75 Beast 22272 | -5/Extension | Allies destroyed B-75 Beast 22282 | -5/Extension | Spotted B-75 Beast 22300 | -5/Extension | Lost 3 allies 22305 | -5/Extension | Destroyed B-75 Beast 22324 | -5/Extension | Rescued a captive Derelict 22326 | -5/Extension | Rescued a captive Derelict 22338 | -5/Extension | Rescued a captive Derelict 22417 | -5/Extension | Rescued a captive Derelict 22419 | -5/Extension | Rescued a captive Derelict 22449 | -5/Extension | Rescued a captive Derelict 22450 | -5/Extension | Rescued a captive Derelict 22500 | -5/Extension | Rescued a captive Derelict 22569 | -5/Extension | Learned Factory trap positions 22633 | -5/Extension | Learned Factory trap positions 22647 | -5/Extension | Discovered exit to Factory (range 10) 22648 | -5/Extension | Discovered new exit (range 6) 22730 | -5/Extension | Learned 2 Proximity Caves zone layouts 22765 | -5/Extension | Learned Testing trap positions 22788 | -5/Extension | Learned Research security intel 22818 | -5/Extension | Learned Factory emergency access door positions 22882 | -5/Extension | Learned 4 Testing zone layouts 22901 | -5/Extension | Build established: Commander-Gunner 23002 | -5/Extension | Entered Cetus 23002 | -5/Cetus | Accompanied by 13 allies (A7) 23007 | -5/Cetus | Acquired a Cetus Manufacturing Module code from A7 23034 | -5/Cetus | Spotted Cetus Guard 23034 | -5/Cetus | Spotted Cetus Guard 23036 | -5/Cetus | Spotted Cetus Guard 23038 | -5/Cetus | Spotted Cetus Guard 23042 | -5/Cetus | Destroyed Cetus Guard 23049 | -5/Cetus | Destroyed Cetus Guard 23052 | -5/Cetus | Destroyed Cetus Guard 23059 | -5/Cetus | Allies destroyed Cetus Guard 23082 | -5/Cetus | Lost 4 allies 23090 | -5/Cetus | Started Cetus Manufacturing Module 23115 | -5/Cetus | Manufactured an Enhanced Grunt 23117 | -5/Cetus | Escorted A7 to Cetus Mainframe 23124 | -5/Cetus | Discovered new exit (range 16) 23140 | -5/Cetus | Manufactured an Enhanced Grunt 23165 | -5/Cetus | Manufactured an Enhanced Grunt 23180 | -5/Cetus | Spotted Cetus Guard 23180 | -5/Cetus | Spotted Cetus Guard 23182 | -5/Cetus | Spotted Cetus Guard 23184 | -5/Cetus | Destroyed Cetus Guard 23187 | -5/Cetus | Spotted Cetus Guard 23189 | -5/Cetus | Destroyed Cetus Guard 23190 | -5/Cetus | Manufactured an Enhanced Grunt 23198 | -5/Cetus | Allies destroyed Cetus Guard 23201 | -5/Cetus | Discovered exit to Factory (range 16) 23204 | -5/Cetus | Allies destroyed Cetus Guard 23205 | -5/Cetus | Met Revision 17 23215 | -5/Cetus | Manufactured an Enhanced Grunt 23221 | -5/Cetus | Found Prototype Device 23221 | -5/Cetus | Identified Exp. Thermal Shield 23222 | -5/Cetus | Lost 4 allies 23272 | -5/Cetus | Entered Archives 23272 | -5/Archives | Accompanied by 10 allies (A7) 23273 | -5/Archives | Identified exit to Hub_04(d) 23277 | -5/Archives | Received a hacking code to weaken MAIN.C 23366 | -5/Archives | Discovered exit to Factory (range 16) 23465 | -5/Archives | Build established: Commander-Tank 23818 | -5/Archives | Entered Hub_04(d) 23818 | -5/Hub_04(d) | Accompanied by 7 allies 23818 | -5/Hub_04(d) | Discovered exit to Factory (range 10) 23864 | -5/Hub_04(d) | Garrison activated, responded to threat 24051 | -5/Hub_04(d) | Discovered exit to Factory (range 7) 24121 | -5/Hub_04(d) | Build established: Wizard-Gunner 24176 | -5/Hub_04(d) | Central database locked down 24343 | -5/Hub_04(d) | Learned 4 Factory zone layouts 24422 | -5/Hub_04(d) | Learned location of 3 exits from Factory 24489 | -5/Hub_04(d) | Learned Extension non-interactive machine intel 24546 | -5/Hub_04(d) | Learned location of 1 exit from Extension 24575 | -5/Hub_04(d) | Network Hub disabled 24591 | -5/Hub_04(d) | Build established: Hacker-Gunner 24592 | -5/Hub_04(d) | Learned Factory emergency access door positions 24601 | -5/Hub_04(d) | Network Hub disabled 24603 | -5/Hub_04(d) | Disrupted transfer network 24619 | -5/Hub_04(d) | Spotted Lightning 24619 | -5/Hub_04(d) | Spotted Lightning 24629 | -5/Hub_04(d) | Learned Factory garrison access intel 24639 | -5/Hub_04(d) | Spotted Lightning 24649 | -5/Hub_04(d) | Spotted Lightning 24649 | -5/Hub_04(d) | Spotted Lightning 24674 | -5/Hub_04(d) | Learned Testing emergency access door positions 24708 | -5/Hub_04(d) | Entered Factory 24708 | -4/Factory | Evolved 2 slots: Power x1, Propulsion x1 24709 | -4/Factory | Identified exit to Research 24710 | -4/Factory | Identified exit to Upper Caves 24710 | -4/Factory | Identified exit to Armory 24712 | -4/Factory | Loaded intel: 81 trap records 24714 | -4/Factory | Loaded intel: 4 garrison access locations 24857 | -4/Factory | Spotted B-86 Titan 25086 | -4/Factory | Spotted B-86 Titan 25111 | -4/Factory | Loaded intel: 8 recycling unit locations 25126 | -4/Factory | Found Exp. Targeting Computer 25226 | -4/Factory | Learned location of Quarantine (-3) 25274 | -4/Factory | Learned Factory trap positions 25313 | -4/Factory | Learned Armory trap positions 25357 | -4/Factory | Learned location of 1 exit from Proximity Caves 25363 | -4/Factory | Learned Research stockpile data 25366 | -4/Factory | Learned Research trap positions 25380 | -4/Factory | Learned Armory fabricator intel 25406 | -4/Factory | Learned Quarantine garrison access intel 25551 | -4/Factory | Fabricated Weapon Mount (x2) 25663 | -4/Factory | Fabricated Antigrav Array (x1) 25704 | -4/Factory | Discovered exit to Upper Caves (range 8) 25885 | -4/Factory | Central database locked down 26046 | -4/Factory | Learned Research terminal intel 26155 | -4/Factory | Learned 4 Factory zone layouts 26196 | -4/Factory | Learned Quarantine scanalyzer intel 26201 | -4/Factory | Repaired Cmb. Antigrav System? 26242 | -4/Factory | Repaired Adv. Cooling System 26275 | -4/Factory | Repaired Hyp. Mass Driver 26346 | -4/Factory | Repaired Broken Imp. Antigrav System 26383 | -4/Factory | Build established: Hacker-Tank 26695 | -4/Factory | Build established: Hacker-Gunner 26711 | -4/Factory | Incoming investigation squad redirected 26950 | -4/Factory | Incoming investigation squad redirected 26954 | -4/Factory | Incoming investigation squad redirected 26981 | -4/Factory | Incoming investigation squad redirected 27099 | -4/Factory | Lost 3 parts (1p2n) 27099 | -4/Factory | Manually triggered Chute Trap 27099 | -4/Factory | Sucked down chute 27099 | -4/Factory | Entered Waste 27106 | -4/Waste | Spotted C-40 Crusher 27107 | -4/Waste | Spotted C-40 Crusher 27114 | -4/Waste | EMP discharged 27114 | -4/Waste | System corruption reached 10% 27125 | -4/Waste | Spotted C-40 Crusher 27141 | -4/Waste | Spotted C-40 Crusher 27141 | -4/Waste | Discovered new exit (range 12) 27145 | -4/Waste | Entered Factory 27148 | -4/Factory | Loaded intel: 117 trap records 27172 | -4/Factory | Discovered exit to Upper Caves (range 4) 27387 | -4/Factory | Repaired Hardcell Cannon? 27505 | -4/Factory | Learned Armory stockpile data 27506 | -4/Factory | Repaired Lgt. Particle Reactor? 27512 | -4/Factory | Repaired Broken Lgt. Quantum Reactor? 27596 | -4/Factory | Spotted B-86 Titan 27615 | -4/Factory | Repaired Imp. Antigrav System? 27678 | -4/Factory | Loaded intel: 8 recycling unit locations 27720 | -4/Factory | Scrapoids reinforcements arrived? 27772 | -4/Factory | Learned location of 1 exit from Upper Caves 27797 | -4/Factory | Lost 5 allies 27862 | -4/Factory | Learned location of 1 exit from Testing 27895 | -4/Factory | Learned 8 Quarantine zone layouts 27895 | -4/Factory | First assault squad dispatched 27918 | -4/Factory | Learned Research trap positions 27949 | -4/Factory | Learned 4 Research zone layouts 27981 | -4/Factory | Learned Quarantine emergency access door positions 28028 | -4/Factory | Fabricated Weapon Mount? 28404 | -4/Factory | Incoming investigation squad redirected 28430 | -4/Factory | Lost 7 parts (2p4n1w) 28437 | -4/Factory | Scrapoid reinforcements arrived 28503 | -4/Factory | Lost 4 parts (1u3w) 28508 | -4/Factory | Lost 4 allies 28567 | -4/Factory | Lost 3 parts (2n1w) 28668 | -4/Factory | Incoming assault squad redirected 28709 | -4/Factory | Incoming investigation squad redirected 28967 | -4/Factory | Incoming investigation squad redirected 29053 | -4/Factory | Entered Upper Caves 29054 | -4/Upper Caves | Identified exit to Upper Caves 29172 | -4/Upper Caves | System corruption reached 30% 29218 | -4/Upper Caves | Attracted the attention of an 0b10 base 29218 | -4/Upper Caves | Learned 6 Lower Caves zone layouts 29218 | -4/Upper Caves | Learned 6 Proximity Caves zone layouts 29218 | -4/Upper Caves | Learned Armory security intel 29218 | -4/Upper Caves | Learned Armory terminal intel 29224 | -4/Upper Caves | Entered another Upper Caves area 29225 | -4/Upper Caves | Identified exit to Zhirov 29240 | -4/Upper Caves | Attracted the attention of an 0b10 checkpoint 29363 | -4/Upper Caves | Build established: Scavenger-Gunner 29410 | -4/Upper Caves | Entered Zhirov 29410 | -4/Zhirov | Discovered new exit (range 3) 29418 | -4/Zhirov | Met Zhirov 29426 | -4/Zhirov | Found Alien Artifact 29426 | -4/Zhirov | Identified Integrated Dissipator 29426 | -4/Zhirov | Installed Integrated Dissipator, increased core heat dissipation (+20) 29433 | -4/Zhirov | Found Alien Artifact 29465 | -4/Zhirov | Learned location of Testing (-2) 29468 | -4/Zhirov | Zhirov requested help retrieving the SGEMP Prototype 29566 | -4/Zhirov | Entered Proximity Caves 29654 | -3/Proximity Caves | Entered Research 29654 | -3/Research | Evolved 2 slots: Propulsion x1, Utility x1 29656 | -3/Research | Loaded intel: 67 trap records 29659 | -3/Research | Loaded intel: 23 terminal locations 29831 | -3/Research | Build established: Gunner 29854 | -3/Research | Revision forces began assault on 0b10 30004 | -3/Research | Identified exit to Quarantine 30014 | -3/Research | Found Prototype Processor 30014 | -3/Research | Identified Exp. Signal Interpreter 30034 | -3/Research | Met up with Revision 17++ 30108 | -3/Research | Repaired Hvy. Gauss Cannon? 30161 | -3/Research | Loaded intel: 4 recycling unit locations 30222 | -3/Research | Spotted B-86 Titan 30267 | -3/Research | Learned 4 Access zone layouts 30280 | -3/Research | Fabricated Antigrav Array? 30306 | -3/Research | Learned location of 1 exit from Armory 30334 | -3/Research | Loaded intel: 4 repair station locations 30352 | -3/Research | Learned Research security intel 30354 | -3/Research | Research terminal network offline 30366 | -3/Research | Spotted B-90 Cyclops 30433 | -3/Research | Destroyed B-90 Cyclops 30597 | -3/Research | Fabricated Hyp. Mass Driver (x2) 30720 | -3/Research | Spotted Striker 30735 | -3/Research | Spotted Striker 30757 | -3/Research | Lost 3 allies 30819 | -3/Research | Discovered new exit (range 4) 30906 | -3/Research | Spotted Striker 30909 | -3/Research | Destroyed Striker 30910 | -3/Research | Build established: Machinist-Gunner 31004 | -3/Research | Spotted Striker 31008 | -3/Research | Destroyed Striker 31064 | -3/Research | Repaired Broken Adv. Weapon Cycler 31092 | -3/Research | Identified Transdimensional Reconstructor 31173 | -3/Research | Spotted Striker 31186 | -3/Research | Spotted Executioner 31186 | -3/Research | Destroyed Executioner 31188 | -3/Research | Spotted Striker 31192 | -3/Research | Spotted Striker 31208 | -3/Research | Destroyed Striker 31212 | -3/Research | Entered Quarantine 31212 | -3/Quarantine | Accompanied by 2 allies 31215 | -3/Quarantine | Loaded intel: 3 scanalyzer locations 31216 | -3/Quarantine | Loaded intel: 1 garrison access location 31238 | -3/Quarantine | Found Alien Artifact 31269 | -3/Quarantine | Build established: Scavenger-Gunner 31416 | -3/Quarantine | Found Alien Artifact 31416 | -3/Quarantine | Identified Terrabomb 31416 | -3/Quarantine | Used Terrabomb 31435 | -3/Quarantine | Found Alien Artifact 31435 | -3/Quarantine | Identified Phase Armor 31470 | -3/Quarantine | Learned Access stockpile data 31487 | -3/Quarantine | Found Terrabomb 31488 | -3/Quarantine | Learned 4 Quarantine zone layouts 31494 | -3/Quarantine | Found Terrabomb 31498 | -3/Quarantine | Learned Research trap positions 31499 | -3/Quarantine | Learned Section 7 trap positions 31500 | -3/Quarantine | Learned location of 1 exit from Research 31501 | -3/Quarantine | Learned 8 Testing zone layouts 31511 | -3/Quarantine | Learned location of 1 exit from Testing 31572 | -3/Quarantine | Found Alien Impact Weapon 31572 | -3/Quarantine | Identified Core Stripper 31636 | -3/Quarantine | Build established: Hacker-Gunner 31637 | -3/Quarantine | Discovered new exit (range 21) 31719 | -3/Quarantine | Used Terrabomb 31722 | -3/Quarantine | Found Alien Slashing Weapon 31842 | -3/Quarantine | Identified Sigix Broadsword 31842 | -3/Quarantine | Identified Core Reset Matrix 31864 | -3/Quarantine | Found Alien Artifact 31888 | -3/Quarantine | Identified Subatomic Replicator 32040 | -3/Quarantine | Found Alien Artifact 32040 | -3/Quarantine | Identified Dimensional Node Initializer 32040 | -3/Quarantine | Initialized slip node 32043 | -3/Quarantine | Found Transdimensional Reconstructor 32043 | -3/Quarantine | Warped through subspace to slip node 32047 | -3/Quarantine | Warped through subspace to slip node 32053 | -3/Quarantine | Found Transdimensional Reconstructor 32053 | -3/Quarantine | Warped through subspace to slip node 32057 | -3/Quarantine | Found Alien Artifact 32064 | -3/Quarantine | Found Dimensional Node Initializer 32140 | -3/Quarantine | Initialized slip node 32212 | -3/Quarantine | First assault squad dispatched 32219 | -3/Quarantine | Found Alien Artifact 32219 | -3/Quarantine | Identified Phase Redirector 32418 | -3/Quarantine | Found Alien Artifact 32425 | -3/Quarantine | Found Dimensional Node Initializer 32432 | -3/Quarantine | Met incapacitated Sigix Warrior 32432 | -3/Quarantine | Lockdown squad dispatched 32433 | -3/Quarantine | Acquired the access code to the Sigix quarantine chamber 32434 | -3/Quarantine | Unlocked Sigix quarantine chamber 32454 | -3/Quarantine | Learned Testing scanalyzer intel 32476 | -3/Quarantine | Found Gamma Bomb Array 32480 | -3/Quarantine | Spotted Lightning 32480 | -3/Quarantine | Spotted Lightning 32480 | -3/Quarantine | Spotted Lightning 32489 | -3/Quarantine | Incoming assault squad redirected 32499 | -3/Quarantine | Learned 4 Quarantine zone layouts 32523 | -3/Quarantine | Entered Research 32523 | -2/Research | Evolved 2 slots: Utility x2 32524 | -2/Research | Identified exit to Testing 32525 | -2/Research | Identified exit to Access 32526 | -2/Research | Loaded intel: 73 trap records 32721 | -2/Research | Loaded intel: 5 recycling unit locations 32810 | -2/Research | Spotted B-90 Cyclops 32874 | -2/Research | Identified Hpw. Transdimensional Reconstructor (x2) 32874 | -2/Research | Warped through subspace 32892 | -2/Research | Used Subatomic Replicator to replicate Terrabomb 32894 | -2/Research | Used Terrabomb 33178 | -2/Research | Discovered exit to Testing (range 4) 33181 | -2/Research | Entered Testing 33182 | -2/Testing | Identified exit to Section 7 33183 | -2/Testing | Identified exit to Protoforge 33184 | -2/Testing | Loaded intel: 20 trap records 33186 | -2/Testing | Loaded intel: 3 scanalyzer locations 33209 | -2/Testing | Lost 5 parts (4n1w) 33332 | -2/Testing | Found Prototype Device 33332 | -2/Testing | Identified AEGIS Remote Shield 33390 | -2/Testing | Found Exp. Signal Interpreter 33434 | -2/Testing | Build established: Scavenger-Mutant 33492 | -2/Testing | Found Prototype Energy Cannon 33492 | -2/Testing | Identified Potential Cannon 33497 | -2/Testing | Found Prototype Energy Cannon 33497 | -2/Testing | Identified Imp. Potential Cannon 33588 | -2/Testing | Found Prototype Launcher 33588 | -2/Testing | Identified Ragnarok Missile Launcher 33610 | -2/Testing | Found Prototype Energy Cannon 33610 | -2/Testing | Identified Disintegrator 33626 | -2/Testing | System corruption reached 10% 33738 | -2/Testing | Found Prototype Ballistic Gun 33738 | -2/Testing | Identified Hyp. Multirail 33756 | -2/Testing | Spotted Fortress 33774 | -2/Testing | Entered Protoforge 33778 | -2/Protoforge | Spotted Hotshot 33779 | -2/Protoforge | Superfortress began startup sequence 33779 | -2/Protoforge | Spotted Hotshot 33781 | -2/Protoforge | Spotted Hotshot 33781 | -2/Protoforge | Destroyed Hotshot 33784 | -2/Protoforge | Spotted Hotshot 33806 | -2/Protoforge | Destroyed Hotshot 34010 | -2/Protoforge | Initialized slip node 34014 | -2/Protoforge | Found Prototype Ballistic Gun 34014 | -2/Protoforge | Identified Cep. XC Strikerail 34016 | -2/Protoforge | Found Cep. XC Strikerail 34022 | -2/Protoforge | Found Prototype Device 34022 | -2/Protoforge | Identified Exp. System Purifier 34052 | -2/Protoforge | Spotted AP7-3 34052 | -2/Protoforge | Spotted AP7-3 34091 | -2/Protoforge | Spotted Hotshot 34123 | -2/Protoforge | Used Terrabomb 34123 | -2/Protoforge | Spotted EXE-6 34123 | -2/Protoforge | Spotted EXE-6 34168 | -2/Protoforge | Spotted EXE-6 34168 | -2/Protoforge | Spotted EXE-6 34175 | -2/Protoforge | Spotted SKR-2 34188 | -2/Protoforge | UFD initiated attack on Protoforge 34188 | -2/Protoforge | Loaded intel: 3 recycling unit locations 34202 | -2/Protoforge | Scraphulk reinforcements arrived? 34202 | -2/Protoforge | Found Prototype Processor 34202 | -2/Protoforge | Identified Exp. Armor Integrity Analyzer 34208 | -2/Protoforge | Found Prototype Processor 34208 | -2/Protoforge | Identified Exp. Core Analyzer 34216 | -2/Protoforge | Found Cep. XC Strikerail 34217 | -2/Protoforge | Scraphulk reinforcements arrived? 34217 | -2/Protoforge | Found Exp. Core Analyzer 34224 | -2/Protoforge | Optimus greeted in Protoforge 34225 | -2/Protoforge | Spotted SKR-2 34229 | -2/Protoforge | Found Prototype Device 34229 | -2/Protoforge | Identified Exp. Kinecellerator 34239 | -2/Protoforge | Spotted SKR-2 34243 | -2/Protoforge | Destroyed SKR-2 34275 | -2/Protoforge | Found Prototype Processor 34275 | -2/Protoforge | Identified Exp. Melee Analysis Suite 34315 | -2/Protoforge | Lost 5 allies 34363 | -2/Protoforge | Destroyed AP7-3 34374 | -2/Protoforge | Spotted Striker 34376 | -2/Protoforge | Spotted Striker 34380 | -2/Protoforge | Destroyed Striker 34382 | -2/Protoforge | Lost 6 allies 34386 | -2/Protoforge | Destroyed Striker 34393 | -2/Protoforge | Found Prototype Device 34393 | -2/Protoforge | Identified Exp. ECM Suite 34422 | -2/Protoforge | Spotted Executioner 34422 | -2/Protoforge | Spotted Executioner 34425 | -2/Protoforge | Destroyed Executioner 34431 | -2/Protoforge | Spotted Executioner 34435 | -2/Protoforge | Destroyed Executioner 34442 | -2/Protoforge | Spotted Executioner 34444 | -2/Protoforge | Destroyed Executioner 34470 | -2/Protoforge | Found Prototype Device 34470 | -2/Protoforge | Identified Adv. Kinecellerator 34479 | -2/Protoforge | Spotted Executioner 34479 | -2/Protoforge | Spotted Striker 34480 | -2/Protoforge | Destroyed Executioner 34494 | -2/Protoforge | Build established: Scavenger-Sprinter 34512 | -2/Protoforge | Destroyed 15 combat bots 34521 | -2/Protoforge | Spotted Executioner 34533 | -2/Protoforge | Spotted Executioner 34534 | -2/Protoforge | Destroyed Executioner 34538 | -2/Protoforge | Destroyed Executioner 34577 | -2/Protoforge | Lost 7 allies 34602 | -2/Protoforge | Destroyed 10 combat bots 34620 | -2/Protoforge | Spotted Decapitator 34621 | -2/Protoforge | Spotted Decapitator 34621 | -2/Protoforge | Spotted Decapitator 34621 | -2/Protoforge | Destroyed Decapitator 34621 | -2/Protoforge | Destroyed Decapitator 34633 | -2/Protoforge | Spotted Overlord 34644 | -2/Protoforge | Destroyed Overlord 34654 | -2/Protoforge | Found Prototype Device 34654 | -2/Protoforge | Identified Exp. Weapon Cycler 34657 | -2/Protoforge | Found Prototype Device 34657 | -2/Protoforge | Identified Exp. Transmission Jammer 34661 | -2/Protoforge | Found Prototype Device 34661 | -2/Protoforge | Identified Exp. Remote Shield 34676 | -2/Protoforge | Spotted B-90 Cyclops 34693 | -2/Protoforge | Destroyed B-90 Cyclops 34698 | -2/Protoforge | UFD reported confirmed Drillbomb installation 34727 | -2/Protoforge | Spotted Executioner 34728 | -2/Protoforge | Destroyed Executioner 34733 | -2/Protoforge | Spotted Executioner 34733 | -2/Protoforge | Spotted Striker 34734 | -2/Protoforge | Destroyed Executioner 34759 | -2/Protoforge | UFD reported confirmed Drillbomb installation 34783 | -2/Protoforge | Spotted Executioner 34783 | -2/Protoforge | Spotted Striker 34783 | -2/Protoforge | Destroyed Striker 34791 | -2/Protoforge | Destroyed Executioner 34796 | -2/Protoforge | Spotted Striker 34797 | -2/Protoforge | Spotted Executioner 34811 | -2/Protoforge | Destroyed Executioner 34811 | -2/Protoforge | Destroyed Striker 34832 | -2/Protoforge | Destroyed 10 combat bots 34871 | -2/Protoforge | UFD reported confirmed Drillbomb installation 34874 | -2/Protoforge | Spotted Executioner 34874 | -2/Protoforge | Destroyed Executioner 34889 | -2/Protoforge | Spotted Executioner 34893 | -2/Protoforge | Spotted Executioner 34894 | -2/Protoforge | Spotted Executioner 34897 | -2/Protoforge | Destroyed Executioner 34901 | -2/Protoforge | Destroyed Executioner 34940 | -2/Protoforge | Destroyed 11 combat bots 35010 | -2/Protoforge | Spotted Striker 35010 | -2/Protoforge | Spotted Executioner 35011 | -2/Protoforge | Destroyed Striker 35018 | -2/Protoforge | Destroyed Executioner 35027 | -2/Protoforge | Spotted Executioner 35060 | -2/Protoforge | Destroyed 7 combat bots 35074 | -2/Protoforge | Spotted Striker 35076 | -2/Protoforge | Spotted Striker 35079 | -2/Protoforge | Destroyed Striker 35083 | -2/Protoforge | Destroyed Striker 35089 | -2/Protoforge | UFD reported confirmed Drillbomb installation 35119 | -2/Protoforge | Spotted Striker 35123 | -2/Protoforge | Spotted Executioner 35123 | -2/Protoforge | Destroyed Executioner 35127 | -2/Protoforge | Spotted Executioner 35132 | -2/Protoforge | Spotted Striker 35143 | -2/Protoforge | Destroyed Executioner 35156 | -2/Protoforge | Spotted Striker 35157 | -2/Protoforge | Destroyed Striker 35165 | -2/Protoforge | Spotted Striker 35201 | -2/Protoforge | Destroyed 10 combat bots 35207 | -2/Protoforge | Discovered exit to Access (range 16) 35244 | -2/Protoforge | Spotted Executioner 35244 | -2/Protoforge | Spotted Executioner 35244 | -2/Protoforge | Destroyed Executioner 35245 | -2/Protoforge | Spotted Striker 35248 | -2/Protoforge | Destroyed Striker 35250 | -2/Protoforge | Spotted Executioner 35255 | -2/Protoforge | Destroyed Executioner 35267 | -2/Protoforge | Spotted Immortal 35268 | -2/Protoforge | Spotted Immortal 35268 | -2/Protoforge | Spotted Immortal 35278 | -2/Protoforge | Destroyed Immortal 35291 | -2/Protoforge | Lost 4 allies 35300 | -2/Protoforge | Destroyed Executioner 35345 | -2/Protoforge | Spotted Striker 35345 | -2/Protoforge | Spotted Executioner 35347 | -2/Protoforge | Destroyed Executioner 35353 | -2/Protoforge | Destroyed Striker 35372 | -2/Protoforge | UFD reported confirmed Drillbomb installation 35407 | -2/Protoforge | UFD reported confirmed Drillbomb installation 35480 | -2/Protoforge | Spotted Striker 35481 | -2/Protoforge | Spotted Striker 35482 | -2/Protoforge | Destroyed Striker 35486 | -2/Protoforge | Destroyed Striker 35526 | -2/Protoforge | Destroyed 7 combat bots 35555 | -2/Protoforge | Spotted Immortal 35558 | -2/Protoforge | Spotted Immortal 35567 | -2/Protoforge | Destroyed Immortal 35579 | -2/Protoforge | Spotted Executioner 35579 | -2/Protoforge | Spotted Striker 35579 | -2/Protoforge | Spotted Decapitator 35579 | -2/Protoforge | Spotted Striker 35579 | -2/Protoforge | Spotted Executioner 35580 | -2/Protoforge | Destroyed Executioner 35587 | -2/Protoforge | Destroyed Executioner 35594 | -2/Protoforge | Destroyed Striker 35617 | -2/Protoforge | Spotted Executioner 35644 | -2/Protoforge | Destroyed Executioner 35656 | -2/Protoforge | Spotted Striker 35657 | -2/Protoforge | Spotted Striker 35686 | -2/Protoforge | Destroyed Striker 35728 | -2/Protoforge | Lost 6 allies 35730 | -2/Protoforge | Destroyed 16 combat bots 35738 | -2/Protoforge | Spotted Executioner 35738 | -2/Protoforge | Spotted Striker 35738 | -2/Protoforge | Spotted Executioner 35738 | -2/Protoforge | Spotted Executioner 35836 | -2/Protoforge | Destroyed Executioner 35866 | -2/Protoforge | Destroyed Executioner 35874 | -2/Protoforge | Destroyed Executioner 35886 | -2/Protoforge | Spotted Striker 35923 | -2/Protoforge | Found Exp. Core Analyzer 35930 | -2/Protoforge | Lost 4 allies 35971 | -2/Protoforge | Spotted Striker 35975 | -2/Protoforge | Spotted Striker 35999 | -2/Protoforge | Spotted Executioner 35999 | -2/Protoforge | Spotted Executioner 36005 | -2/Protoforge | Destroyed Executioner 36035 | -2/Protoforge | Spotted Striker 36035 | -2/Protoforge | Spotted Executioner 36045 | -2/Protoforge | Destroyed Striker 36061 | -2/Protoforge | Spotted Striker 36064 | -2/Protoforge | Spotted Striker 36072 | -2/Protoforge | Lost 9 allies 36082 | -2/Protoforge | Spotted Striker 36082 | -2/Protoforge | Destroyed Striker 36096 | -2/Protoforge | Spotted Striker 36101 | -2/Protoforge | Destroyed Striker 36110 | -2/Protoforge | Spotted Executioner 36116 | -2/Protoforge | Spotted Executioner 36124 | -2/Protoforge | Destroyed Executioner 36131 | -2/Protoforge | Destroyed Executioner 36132 | -2/Protoforge | Spotted Hotshot 36134 | -2/Protoforge | Spotted Hotshot 36134 | -2/Protoforge | Destroyed Hotshot 36137 | -2/Protoforge | Destroyed Hotshot 36158 | -2/Protoforge | Destroyed 7 combat bots 36160 | -2/Protoforge | Lost 4 allies 36179 | -2/Protoforge | Spotted Striker 36180 | -2/Protoforge | Spotted Executioner 36184 | -2/Protoforge | Destroyed Striker 36198 | -2/Protoforge | Destroyed Executioner 36204 | -2/Protoforge | Spotted Executioner 36206 | -2/Protoforge | Spotted Executioner 36220 | -2/Protoforge | Spotted Executioner 36235 | -2/Protoforge | Destroyed Executioner 36250 | -2/Protoforge | P-80 Master assimilated allied 02FCZ-D 36262 | -2/Protoforge | Destroyed Executioner 36282 | -2/Protoforge | Spotted Striker 36283 | -2/Protoforge | Lost 8 allies 36283 | -2/Protoforge | Spotted Striker 36307 | -2/Protoforge | Destroyed Striker 36340 | -2/Protoforge | UFD reported confirmed Drillbomb installation 36352 | -2/Protoforge | Spotted Striker 36356 | -2/Protoforge | Destroyed Striker 36356 | -2/Protoforge | Spotted Striker 36360 | -2/Protoforge | UFD reported confirmed Drillbomb installation 36368 | -2/Protoforge | Spotted Executioner 36371 | -2/Protoforge | Spotted Striker 36373 | -2/Protoforge | Destroyed Executioner 36427 | -2/Protoforge | Lost 3 allies 36434 | -2/Protoforge | Spotted Hotshot 36437 | -2/Protoforge | Spotted Hotshot 36480 | -2/Protoforge | Spotted Executioner 36485 | -2/Protoforge | Destroyed Executioner 36485 | -2/Protoforge | Spotted Executioner 36501 | -2/Protoforge | Destroyed Executioner 36612 | -2/Protoforge | Found Prototype Device 36615 | -2/Protoforge | Identified Crosscalibrator 36620 | -2/Protoforge | Spotted Immortal 36620 | -2/Protoforge | Spotted Immortal 36669 | -2/Protoforge | Destroyed Immortal 36676 | -2/Protoforge | Destroyed Immortal 36691 | -2/Protoforge | Spotted Decapitator 36691 | -2/Protoforge | Spotted Decapitator 36691 | -2/Protoforge | Spotted Decapitator 36691 | -2/Protoforge | Spotted Decapitator 36715 | -2/Protoforge | Found Cep. Zero-point Core 36718 | -2/Protoforge | Found Cep. Zero-point Core 36791 | -2/Protoforge | Destroyed Decapitator 36791 | -2/Protoforge | Destroyed Decapitator 36791 | -2/Protoforge | Destroyed Decapitator 36796 | -2/Protoforge | Destroyed Decapitator 36850 | -2/Protoforge | Spotted V416-y 36859 | -2/Protoforge | Destroyed V416-y 36865 | -2/Protoforge | Found Cep. Combat Aerolev Unit 36872 | -2/Protoforge | Found Cep. NT7 Matterbank 36891 | -2/Protoforge | Found Cep. Matter Streamer 36912 | -2/Protoforge | Found Prototype Storage 36912 | -2/Protoforge | Identified Cep. Antigrav Storage Unit 36916 | -2/Protoforge | Found Cep. Matter Streamer 36918 | -2/Protoforge | Found Cep. NT7 Matterbank 36923 | -2/Protoforge | Found Exp. Armor Integrity Analyzer 36956 | -2/Protoforge | Found Faulty Cep. Zero-point Core 36960 | -2/Protoforge | Found Cep. Zero-point Core 37090 | -2/Protoforge | Destroyed 8 combat bots 37101 | -2/Protoforge | Found Prototype Device 37101 | -2/Protoforge | Identified Cep. Reaction Jets 37105 | -2/Protoforge | Found Prototype Device 37105 | -2/Protoforge | Identified Cep. Energy Mantle 37121 | -2/Protoforge | Spotted V512-a 37121 | -2/Protoforge | Spotted V723-l 37133 | -2/Protoforge | Core integrity fell below 50% 37144 | -2/Protoforge | Destroyed V723-l 37152 | -2/Protoforge | Found Cep. Combat Aerolev Unit 37166 | -2/Protoforge | Found Cep. RG22 Armor 37173 | -2/Protoforge | Found Faulty Cep. Reaction Jets 37175 | -2/Protoforge | Found Faulty Cep. RG22 Armor 37188 | -2/Protoforge | Found Prototype Device 37188 | -2/Protoforge | Identified Cep. Beam Splitter 37208 | -2/Protoforge | Found Cep. XC Strikerail 37224 | -2/Protoforge | Spotted Decapitator 37224 | -2/Protoforge | Spotted Decapitator 37224 | -2/Protoforge | Spotted V773-b 37256 | -2/Protoforge | Spotted Decapitator 37279 | -2/Protoforge | Destroyed Decapitator 37283 | -2/Protoforge | Destroyed Decapitator 37290 | -2/Protoforge | Destroyed Decapitator 37319 | -2/Protoforge | Destroyed V773-b 37363 | -2/Protoforge | Found Prototype Slashing Weapon 37363 | -2/Protoforge | Identified Cep. Deflector Sword 37387 | -2/Protoforge | Found Cep. Combat Aerolev Unit 37404 | -2/Protoforge | Found Cep. Combat Aerolev Unit 37443 | -2/Protoforge | Found Cep. Gyrokinetic System 37445 | -2/Protoforge | Found Faulty Cep. Combat Aerolev Unit 37598 | -2/Protoforge | Spotted Striker 37652 | -2/Protoforge | Spotted Executioner 37653 | -2/Protoforge | Spotted Immortal 37659 | -2/Protoforge | Spotted V102-m 37659 | -2/Protoforge | Spotted V720-w 37668 | -2/Protoforge | Spotted Striker 37668 | -2/Protoforge | Spotted V813-g 37695 | -2/Protoforge | Destroyed Striker 37701 | -2/Protoforge | Spotted Immortal 37749 | -2/Protoforge | Destroyed Immortal 37777 | -2/Protoforge | Found Faulty Cep. Tactical Fusion Warhead 37778 | -2/Protoforge | Found Faulty Cep. Rapid Grenade Launcher 37810 | -2/Protoforge | Found Faulty Cep. Rapid Grenade Launcher 37829 | -2/Protoforge | Destroyed Immortal 37905 | -2/Protoforge | Found Faulty Cep. Tactical Fusion Warhead 37963 | -2/Protoforge | Found Prototype Device 37963 | -2/Protoforge | Identified Exp. Shield Generator 38012 | -2/Protoforge | Spotted Decapitator 38012 | -2/Protoforge | Spotted Decapitator 38012 | -2/Protoforge | Spotted Decapitator 38012 | -2/Protoforge | Spotted Decapitator 38022 | -2/Protoforge | Spotted Immortal 38022 | -2/Protoforge | Spotted Immortal 38025 | -2/Protoforge | Spotted V467-r 38046 | -2/Protoforge | Spotted V282-z 38050 | -2/Protoforge | Spotted V129-h 38056 | -2/Protoforge | Found Prototype Ballistic Cannon 38056 | -2/Protoforge | Identified Cep. Helical Railcannon 38058 | -2/Protoforge | Found Faulty Cep. Helical Railcannon 38087 | -2/Protoforge | Found Cep. Weapon Articulator 38089 | -2/Protoforge | Found Prototype Device 38089 | -2/Protoforge | Identified Cep. Networked Targeting System 38093 | -2/Protoforge | Found Cep. Hypertargeting System 38098 | -2/Protoforge | Found Faulty Cep. Recoil Nullifier 38108 | -2/Protoforge | Found Faulty Cep. Recoil Nullifier 38111 | -2/Protoforge | Found Prototype Device 38111 | -2/Protoforge | Identified Mni. Quantum Capacitor 38114 | -2/Protoforge | Found Cep. Weapon Articulator 38152 | -2/Protoforge | Additional patrols dispatched to research labs 38156 | -2/Protoforge | Found Alien Artifact 38156 | -2/Protoforge | Identified Cep. Nanofilaments [Conductive] 38156 | -2/Protoforge | Installed Cep. Nanofilaments [Conductive], 2 resistances modified: TH -15%, EM +25% 38168 | -2/Protoforge | Found Prototype Device 38170 | -2/Protoforge | Found Transdimensional Reconstructor 38170 | -2/Protoforge | Warped through subspace to slip node 38175 | -2/Protoforge | Found Exp. System Purifier 38182 | -2/Protoforge | Found Cep. XC Strikerail 38186 | -2/Protoforge | Found Cep. XC Strikerail 38194 | -2/Protoforge | Spotted Striker 38230 | -2/Protoforge | Found Exp. System Purifier 38298 | -2/Protoforge | Identified Cep. Navigation Harness 38306 | -2/Protoforge | Spotted Executioner 38309 | -2/Protoforge | Spotted Executioner 38310 | -2/Protoforge | Spotted Executioner 38311 | -2/Protoforge | Spotted Executioner 38401 | -2/Protoforge | Spotted Striker 38406 | -2/Protoforge | Fabricated Enh. Hardcell Cannon? 38407 | -2/Protoforge | Spotted Executioner 38415 | -2/Protoforge | Destroyed Executioner 38427 | -2/Protoforge | Destroyed Executioner 38441 | -2/Protoforge | Spotted Executioner 38444 | -2/Protoforge | Destroyed Executioner 38455 | -2/Protoforge | Destroyed Executioner 38503 | -2/Protoforge | Spotted Striker 38504 | -2/Protoforge | Destroyed Striker 38505 | -2/Protoforge | Spotted Striker 38520 | -2/Protoforge | Lost 15 allies 38562 | -2/Protoforge | Spotted Striker 38576 | -2/Protoforge | Destroyed 7 combat bots 38580 | -2/Protoforge | Spotted Striker 38580 | -2/Protoforge | Spotted Executioner 38580 | -2/Protoforge | Spotted Striker 38581 | -2/Protoforge | Destroyed Executioner 38588 | -2/Protoforge | Destroyed Executioner 38592 | -2/Protoforge | Destroyed Striker 38641 | -2/Protoforge | Spotted Executioner 38646 | -2/Protoforge | Spotted Executioner 38646 | -2/Protoforge | Spotted Executioner 38646 | -2/Protoforge | Spotted Executioner 38689 | -2/Protoforge | Lost 3 allies 38696 | -2/Protoforge | Destroyed Executioner 38725 | -2/Protoforge | Spotted Striker 38725 | -2/Protoforge | Found Exp. Core Analyzer 38727 | -2/Protoforge | Found Exp. Core Analyzer 38729 | -2/Protoforge | Spotted Striker 38735 | -2/Protoforge | Destroyed Striker 38738 | -2/Protoforge | Destroyed Striker 38768 | -2/Protoforge | Spotted Striker 38768 | -2/Protoforge | Spotted Striker 38769 | -2/Protoforge | Spotted Striker 38771 | -2/Protoforge | Spotted Striker 38780 | -2/Protoforge | Destroyed Striker 38783 | -2/Protoforge | Destroyed Striker 38835 | -2/Protoforge | Found Exp. Core Analyzer 38836 | -2/Protoforge | Found Exp. Core Analyzer 38837 | -2/Protoforge | Lost 7 allies 38860 | -2/Protoforge | Destroyed 18 combat bots 38887 | -2/Protoforge | Spotted Striker 38897 | -2/Protoforge | Spotted Executioner 38902 | -2/Protoforge | Destroyed Executioner 38910 | -2/Protoforge | Spotted Executioner 38910 | -2/Protoforge | Destroyed Executioner 38918 | -2/Protoforge | Spotted Executioner 38956 | -2/Protoforge | Destroyed Executioner 38966 | -2/Protoforge | Found 0bPrime Scrap Suit 38969 | -2/Protoforge | Lost 4 allies 38977 | -2/Protoforge | Destroyed 8 combat bots 38979 | -2/Protoforge | Found Exp. Core Analyzer 38986 | -2/Protoforge | Found Exp. Core Analyzer 38995 | -2/Protoforge | Found Exp. Core Analyzer 38997 | -2/Protoforge | Found Exp. Core Analyzer 38999 | -2/Protoforge | Found Exp. Core Analyzer 39001 | -2/Protoforge | Spotted Striker 39012 | -2/Protoforge | Spotted Striker 39013 | -2/Protoforge | Destroyed Striker 39120 | -2/Protoforge | Spotted Executioner 39121 | -2/Protoforge | Destroyed Executioner 39152 | -2/Protoforge | Spotted Executioner 39152 | -2/Protoforge | Spotted Striker 39152 | -2/Protoforge | Destroyed Executioner 39156 | -2/Protoforge | Destroyed 02F85-K 39159 | -2/Protoforge | Destroyed Striker 39169 | -2/Protoforge | Found 0bPrime Scrap Suit 39179 | -2/Protoforge | Spotted Executioner 39180 | -2/Protoforge | Destroyed 9 combat bots 39180 | -2/Protoforge | Found Exp. Core Analyzer 39182 | -2/Protoforge | Found Exp. Core Analyzer 39189 | -2/Protoforge | Destroyed Executioner 39189 | -2/Protoforge | Destroyed Executioner 39243 | -2/Protoforge | Spotted Striker 39253 | -2/Protoforge | P-80 Master assimilated allied 02FPE-D 39254 | -2/Protoforge | Spotted Executioner 39254 | -2/Protoforge | Destroyed Executioner 39262 | -2/Protoforge | Spotted Striker 39266 | -2/Protoforge | Destroyed Striker 39285 | -2/Protoforge | Spotted Executioner 39301 | -2/Protoforge | Destroyed 11 combat bots 39302 | -2/Protoforge | Spotted Executioner 39303 | -2/Protoforge | Destroyed Executioner 39328 | -2/Protoforge | Lost 7 allies 39375 | -2/Protoforge | Spotted Executioner 39380 | -2/Protoforge | Destroyed Executioner 39380 | -2/Protoforge | Destroyed Executioner 39383 | -2/Protoforge | Spotted Executioner 39383 | -2/Protoforge | Spotted Executioner 39384 | -2/Protoforge | Destroyed Executioner 39389 | -2/Protoforge | Spotted Striker 39391 | -2/Protoforge | Destroyed Executioner 39394 | -2/Protoforge | Spotted Executioner 39397 | -2/Protoforge | Destroyed Striker 39421 | -2/Protoforge | Destroyed 02F86-K 39450 | -2/Protoforge | Destroyed 13 combat bots 39452 | -2/Protoforge | Lost 5 allies 39461 | -2/Protoforge | Spotted Striker 39462 | -2/Protoforge | Destroyed Striker 39465 | -2/Protoforge | Spotted Executioner 39476 | -2/Protoforge | Destroyed Executioner 39487 | -2/Protoforge | Spotted Executioner 39490 | -2/Protoforge | Spotted Executioner 39492 | -2/Protoforge | Destroyed Executioner 39513 | -2/Protoforge | Destroyed 7 combat bots 39515 | -2/Protoforge | Found Exp. Core Analyzer 39528 | -2/Protoforge | Lost 5 allies 39538 | -2/Protoforge | Spotted Executioner 39538 | -2/Protoforge | Destroyed Executioner 39538 | -2/Protoforge | Spotted Striker 39538 | -2/Protoforge | Spotted Striker 39541 | -2/Protoforge | Destroyed Executioner 39563 | -2/Protoforge | Spotted Executioner 39563 | -2/Protoforge | Spotted Executioner 39567 | -2/Protoforge | Destroyed Executioner 39597 | -2/Protoforge | Lost 3 allies 39630 | -2/Protoforge | Found Exp. Core Analyzer 39632 | -2/Protoforge | Found Exp. Core Analyzer 39639 | -2/Protoforge | Spotted Executioner 39639 | -2/Protoforge | Spotted Striker 39642 | -2/Protoforge | Spotted Striker 39647 | -2/Protoforge | Spotted Executioner 39647 | -2/Protoforge | Destroyed Striker 39663 | -2/Protoforge | Spotted Striker 39663 | -2/Protoforge | Spotted Striker 39673 | -2/Protoforge | Destroyed Striker 39679 | -2/Protoforge | Found Exp. Core Analyzer 39694 | -2/Protoforge | Destroyed 7 combat bots 39701 | -2/Protoforge | Lost 5 allies 39745 | -2/Protoforge | Spotted Striker 39745 | -2/Protoforge | Spotted Striker 39750 | -2/Protoforge | Destroyed Striker 39757 | -2/Protoforge | Destroyed Striker 39838 | -2/Protoforge | Spotted Executioner 39838 | -2/Protoforge | Spotted Executioner 39838 | -2/Protoforge | Spotted Striker 39838 | -2/Protoforge | Spotted Executioner 39847 | -2/Protoforge | Destroyed Executioner 39875 | -2/Protoforge | Destroyed Executioner 39884 | -2/Protoforge | Destroyed Executioner 39902 | -2/Protoforge | Lost 5 allies 39911 | -2/Protoforge | Spotted Executioner 39912 | -2/Protoforge | Spotted Striker 39925 | -2/Protoforge | Destroyed Striker 40005 | -2/Protoforge | Fabricated Graphene Brace (x2) 40013 | -2/Protoforge | Found Exp. Core Analyzer 40077 | -2/Protoforge | Spotted Striker 40082 | -2/Protoforge | Spotted Striker 40087 | -2/Protoforge | Destroyed Striker 40093 | -2/Protoforge | Spotted Executioner 40096 | -2/Protoforge | Destroyed Executioner 40186 | -2/Protoforge | Spotted Executioner 40187 | -2/Protoforge | Destroyed Executioner 40187 | -2/Protoforge | Spotted Striker 40190 | -2/Protoforge | Spotted Executioner 40192 | -2/Protoforge | Spotted Striker 40194 | -2/Protoforge | Destroyed Executioner 40210 | -2/Protoforge | Destroyed Striker 40214 | -2/Protoforge | Destroyed Striker 40251 | -2/Protoforge | Spotted Striker 40252 | -2/Protoforge | Destroyed Striker 40256 | -2/Protoforge | Spotted Striker 40256 | -2/Protoforge | Destroyed Striker 40277 | -2/Protoforge | Spotted Executioner 40277 | -2/Protoforge | Spotted Executioner 40281 | -2/Protoforge | Destroyed Executioner 40320 | -2/Protoforge | Lost 8 allies 40331 | -2/Protoforge | Destroyed 19 combat bots 40341 | -2/Protoforge | Spotted Striker 40341 | -2/Protoforge | Spotted Executioner 40341 | -2/Protoforge | Spotted Executioner 40341 | -2/Protoforge | Spotted Executioner 40370 | -2/Protoforge | Lost 3 allies 40425 | -2/Protoforge | Destroyed Executioner 40428 | -2/Protoforge | Spotted Striker 40432 | -2/Protoforge | Destroyed Executioner 40436 | -2/Protoforge | Destroyed Striker 40443 | -2/Protoforge | Spotted Executioner 40443 | -2/Protoforge | Destroyed Executioner 40454 | -2/Protoforge | Spotted Striker 40458 | -2/Protoforge | Destroyed Striker 40458 | -2/Protoforge | Spotted Striker 40465 | -2/Protoforge | Destroyed Striker 40474 | -2/Protoforge | Spotted Executioner 40474 | -2/Protoforge | Destroyed Executioner 40476 | -2/Protoforge | Spotted Striker 40479 | -2/Protoforge | Spotted Striker 40485 | -2/Protoforge | Spotted Striker 40521 | -2/Protoforge | Found 0bPrime Scrap Suit 40531 | -2/Protoforge | Destroyed 18 combat bots 40536 | -2/Protoforge | Lost 10 allies 40546 | -2/Protoforge | Spotted Striker 40548 | -2/Protoforge | Destroyed Striker 40568 | -2/Protoforge | Found Exp. Core Analyzer 40569 | -2/Protoforge | Spotted Striker 40577 | -2/Protoforge | Spotted Executioner 40641 | -2/Protoforge | Spotted Striker 40651 | -2/Protoforge | Lost 11 allies 40662 | -2/Protoforge | Spotted Executioner 40663 | -2/Protoforge | Spotted Striker 40663 | -2/Protoforge | Spotted Striker 40689 | -2/Protoforge | Destroyed Executioner 40694 | -2/Protoforge | Found UFD Drillbomb 40709 | -2/Protoforge | Installed UFD Drillbomb at designated target 40709 | -2/Protoforge | UFD reported confirmed Drillbomb installation 40751 | -2/Protoforge | Spotted Striker 40753 | -2/Protoforge | Spotted Striker 40789 | -2/Protoforge | Spotted Striker 40794 | -2/Protoforge | Destroyed Striker 40809 | -2/Protoforge | Spotted Executioner 40813 | -2/Protoforge | Destroyed Executioner 40838 | -2/Protoforge | Spotted Executioner 40838 | -2/Protoforge | Spotted Striker 40838 | -2/Protoforge | Spotted Striker 40838 | -2/Protoforge | Spotted Striker 40844 | -2/Protoforge | Destroyed 8 combat bots 40869 | -2/Protoforge | Lost 3 allies 40977 | -2/Protoforge | Destroyed Immortal 40983 | -2/Protoforge | Destroyed V282-z 40988 | -2/Protoforge | Found Cep. Helical Railcannon 40998 | -2/Protoforge | Found Faulty Cep. Heavy Railcannon 41016 | -2/Protoforge | Destroyed V467-r 41070 | -2/Protoforge | Found Cep. Recoil Nullifier 41121 | -2/Protoforge | Found Cep. Heavy Railcannon 41153 | -2/Protoforge | Spotted AP7-3 41182 | -2/Protoforge | Spotted AP7-3 41193 | -2/Protoforge | Core integrity fell below 20% 41195 | -2/Protoforge | Destroyed AP7-3 41209 | -2/Protoforge | Destroyed AP7-3 41246 | -2/Protoforge | Found Prototype Device 41246 | -2/Protoforge | Identified Femtoactuators 41250 | -2/Protoforge | Found Cep. Hypertargeting System 41306 | -2/Protoforge | Scanned by Researcher 41349 | -2/Protoforge | Found Prototype Device 41349 | -2/Protoforge | Identified Cep. Cloak Mesh 41368 | -2/Protoforge | Found Cep. Recoil Nullifier 41369 | -2/Protoforge | Found Exp. Kinecellerator 41412 | -2/Protoforge | Destroyed Decapitator 41412 | -2/Protoforge | Destroyed Decapitator 41426 | -2/Protoforge | Spotted V358-t 41529 | -2/Protoforge | Warped through subspace to slip node 41553 | -2/Protoforge | Spotted Executioner 41555 | -2/Protoforge | Spotted Striker 41556 | -2/Protoforge | Spotted Striker 41556 | -2/Protoforge | Spotted Striker 41561 | -2/Protoforge | Spotted Executioner 41562 | -2/Protoforge | Spotted Striker 41566 | -2/Protoforge | Spotted Executioner 41582 | -2/Protoforge | Installed UFD Drillbomb at designated target 41582 | -2/Protoforge | UFD reported confirmed Drillbomb installation 41583 | -2/Protoforge | UFD began Drillbomb countdown 41583 | -2/Protoforge | Entered Access 41583 | -1/Access | Evolved 2 slots: Power x1, Utility x1 41598 | -1/Access | Used Core Reset Matrix 41630 | -1/Access | Spotted Executioner 41633 | -1/Access | Destroyed Executioner 41660 | -1/Access | Spotted Executioner 41777 | -1/Access | Discovered new exit (range 8) 41826 | -1/Access | Entered Command 41925 | -1/Command | Spotted B-99 Colossus 41982 | -1/Command | Destroyed 8 combat bots 41982 | -1/Command | Spotted Striker 41983 | -1/Command | Spotted Striker 41984 | -1/Command | Phase Generator disabled 42032 | -1/Command | High security lockdown imminent 42032 | -1/Command | Destroyed Striker 42035 | -1/Command | Destroyed Striker 42072 | -1/Command | Lost 4 parts (2u2w) 42112 | -1/Command | High security lockdown engaged 42136 | -1/Command | Crushed by falling debris 42187 | -1/Command | Spotted B-99 Colossus 42191 | -1/Command | Spotted M Guard 42191 | -1/Command | Spotted M Guard 42191 | -1/Command | Spotted Combat Programmer 42198 | -1/Command | Spotted Combat Programmer 42224 | -1/Command | System corruption reached 10% 42224 | -1/Command | Destroyed Combat Programmer 42394 | -1/Command | Destroyed 12 combat bots 42427 | -1/Command | Found Prototype Device 42427 | -1/Command | Identified Exp. Thermal Shield 42432 | -1/Command | Found Prototype Device 42491 | -1/Command | Identified Exp. Thermal Shield 42532 | -1/Command | Spotted Executioner 42532 | -1/Command | Spotted Striker 42566 | -1/Command | Destroyed Combat Programmer 42573 | -1/Command | Destroyed Striker 42604 | -1/Command | Spotted Striker 42611 | -1/Command | Destroyed Striker 42617 | -1/Command | Spotted Alpha 7 42635 | -1/Command | Spotted Alpha 7 42687 | -1/Command | Build established: Alien-Gunner 42702 | -1/Command | Spotted Executioner 42744 | -1/Command | Destroyed Executioner 42756 | -1/Command | Spotted Striker 42778 | -1/Command | Spotted Striker 42779 | -1/Command | Spotted Striker 42788 | -1/Command | Spotted Striker 42788 | -1/Command | Spotted Executioner 42797 | -1/Command | Destroyed 15 combat bots 42806 | -1/Command | Spotted Striker 42808 | -1/Command | Destroyed Striker 42823 | -1/Command | Spotted Executioner 42823 | -1/Command | Spotted Executioner 42828 | -1/Command | Spotted B-99 Colossus 42830 | -1/Command | Spotted Executioner 42830 | -1/Command | Spotted Executioner 42832 | -1/Command | Spotted Striker 42832 | -1/Command | Spotted B-99 Colossus 42835 | -1/Command | Discovered new exit (range 8) 42839 | -1/Command | Core integrity fell below 50% 42847 | -1/Command | Destroyed Striker 42852 | -1/Command | Emitted hypermatrix ping 42852 | -1/Command | Spotted Executioner 42855 | *** | Heading to fleet! Last Messages --------------- 42852_ Emitted hypermatrix ping. 42852_ C-30 ARC bursts open, deploying its payload. 42852_ Executioner unfolds itself. 42852_ H-88 Terminator unfolds itself. 42852_ P-80 Master unfolds itself. 42852_ I-47 Archangel unfolds itself. 42852_ P-80 Master resets Striker, system corruption cleaned. 42852_ Acquired Centrium Light Armor Plating. 42853_ Slug penetrates Wall. 42853_ Penetrated by Slug. 42854_ Cep. Weapon Articulator destroyed. 42854_ Knocked back. 42854_ Penetrated by Slug. 42854_ Slug penetrates Wall. 42854_ Cep. Zero-point Core destroyed. 42854_ Penetrated by Slug. 42854_ Slug penetrates Wall. 42855_ Slug penetrates B-99 Colossus. 42855_ Striker destroyed. Map ----- +----------------------------------------------------+ | ### """ # # #??????# #???? | | / """ # " #??????###???? | | ###### = ### """" #% # #????????????? | | *###### ##?# # # !! = #????????????? | | !=*[!## #??# / /? !! #????????????? | | ####[#" %#### # #? ! #????????????? | | #??"[## + # #?? #????????????? | | #??#=## ############## #??#######????????????? | | ####/##"####????????###""//##????????????????????? | | ## /"* #???????##" % % #????????????????????? | | ## " #???????# ^b^ ##???????????????????? | | ##" """ " #???????# #???????????????????? | | !# """T"" #???????# ##???????????????????? | | /" #???????# g #???????????????????? | | # #???????# %%i^ ##???????????????????? | | " #???????# i% #???????????????????? | | # =#???????# p ##???????????????????? | | ##"## #####???????# h EE#???????????????????? | | ## ####??????????### E%pE ;###?????????????????? | | ## #?????????????# BB E BB #?????????????????? | | ## #?????????????# BB E BB #?????????????????? | | ####????????????## #?????????????????? | | #???????????????#; % #?????????????????? | | #???????????????## % #?????????????????? | | #????????????????# %"K ^ #?????????????????? | | #????????????????# %@K%^ #?????????????????? | | #????????????????# ! #?????????????????? | | #????????????????# % #?????????????????? | | +????????????????# %% #?????????????????? | | #????????????????# ;#????????????????? | | #????????????????# ##????????????????? | | +????????????????##;####;######?????????????????? | | ##?????????????????##???##???????????????????????? | | ?????????????????????????????????????????????????? | | ?????????????????????????????????????????????????? | | ?????????????????????????????????????????????????? | | ?????????????????????????????????????????????????? | | | | | | | | | | | | | | | | | | | | | | | | | | | +----------------------------------------------------+ Best States ------------- Heat Dissipation 113 Energy Generation 85 Energy Capacity 1650 Matter Stores 450 Matter Capacity 450 Sight Range 23 Terrain Scan Range 20 Terrain Scan Density 10 ECM Strength 2 Cloak Strength 6 Corruption Containment 12 Corruption Block 18 Armor Coverage 300 Resistance: KI 30 Resistance: TH 75 Resistance: EM 25 Power Shielding 90 Propulsion Shielding 90 Weapon Shielding 33 Point Defense Rating 240 Weapon Cycling 25 Phase Shifting 10 Evasion (%) 79 Targeting Accuracy 38 Melee Accuracy 8 Target Analysis 12 Core Analysis 12 Armor Integrity Analysis 50 Recoil Reduction 99 Kinecelleration 66 Salvage Targeting 4 Offensive Hacking 34 Defensive Hacking 38 Authchip Count 1 Item Schematics ----------------- None Robot Schematics ------------------ None Fabricated ------------ H-66 Slayer | x2 | -6/Factory | Preloaded Imp. Linear Gravjet | x2 | -6/Factory | Preloaded Gravmag Array | x1 | -5/Factory Weapon Mount | x2 | -4/Factory Antigrav Array | x1 | -4/Factory Weapon Mount | x2 | -4/Factory Antigrav Array | x1 | -3/Research Hyp. Mass Driver | x2 | -3/Research Enh. Hardcell Cannon | x2 | -2/Protoforge | Authchip Graphene Brace | x2 | -2/Protoforge | Authchip Repaired ---------- Lgt. Treads | 38% | -10/Materials Lgt. Cannon | 35% | -9/Storage Lgt. Treads | 73% | -9/Storage Recoil Stabilizer | 99% | -6/Factory | Broken Gravmag System | 8% | -6/Factory Gravmag Array | 44% | -6/Factory Imp. Light Cannon | 12% | -6/Factory Imp. Light Cannon | 5% | -6/Factory Imp. Light Cannon | 37% | -6/Factory Gravmag Array | 67% | -6/Factory Cmb. Airjet | 43% | -6/Factory Adv. KE Penetrator | 50% | -6/Factory Gravmag Array | 71% | -6/Factory Gravmag Array | 50% | -6/Factory Enh. Gauss Cannon | 60% | -5/Factory Cmb. Antigrav System | 13% | -4/Factory Adv. Cooling System | 13% | -4/Factory Hyp. Mass Driver | 32% | -4/Factory Imp. Antigrav System | 61% | -4/Factory | Broken Hardcell Cannon | 14% | -4/Factory Lgt. Particle Reactor | 38% | -4/Factory Lgt. Quantum Reactor | 10% | -4/Factory | Broken Imp. Antigrav System | 31% | -4/Factory Hvy. Gauss Cannon | 66% | -3/Research Adv. Weapon Cycler | 99% | -3/Research | Broken Alien Tech Used ----------------- Integrated Dissipator Terrabomb Phase Armor Core Stripper Dimensional Node Initializer Transdimensional Reconstructor Phase Redirector Sigix Broadsword High-powered Transdimensional Reconstructor Subatomic Replicator Concept Nanofilaments [Conductive] Core Reset Matrix Achievements -------------- No Explosion For You Challenges ------------ None Game ------ Seed GravmagMachineCloak Manual? 0 Play Time 16:24:21 Cumulative 594.3 hours Start 2025.08.24 @ 02:38:47 End 2025.08.28 @ 00:09:13 Sessions 11 Manual Loads 0 Difficulty Rogue Special Mode None Game No. 298 Rogue 298 Adventurer 0 Explorer 0 Win Type 2 Total 7 Types 3/0/2/1/0/0/0/0/0/1 Lore% 87 Gallery% 79 Achievement% 69 Wizard Run 0 Options --------- Layout 2 ASCII 0 Keyboard 1 Movement Vi Keybinds 0 Fullscreen 1 Font 16/Tamsyn Map View 55x47 Zoom Use 0% Tactical HUD 1 Map Filters NONE Filters NONE Steam 0 RUN: d5fa0628-153f-46e8-800c-249720ca9e1e